Workbook
Name \0: #REF!
Name \a: #REF!
Name \b: #N/A
Name \m: #REF!
Name \N: #REF!
Name \z: #REF!
Name _____________CAP02: #REF!
Name ____________CAP02: #REF!
Name ___________CAP02: #REF!
Name __________CAP02: #REF!
Name _________CAP02: #REF!
Name _________DAT1: [1]Sheet1!#REF!
Name _________DAT10: #REF!
Name _________DAT8: #REF!
Name ________CAP02: #REF!
Name ________DAT1: [2]Sheet1!#REF!
Name ________DAT10: #REF!
Name ________DAT8: #REF!
Name _______CAP02: #REF!
Name _______DAT1: [1]Sheet1!#REF!
Name _______DAT10: #REF!
Name _______DAT8: #REF!
Name ______CAP02: #REF!
Name ______DAT1: [1]Sheet1!#REF!
Name ______DAT10: #REF!
Name ______DAT8: #REF!
Name _____AA1: [3]A0021!#REF!
Name _____CAP02: #REF!
Name _____DAT1: [2]Sheet1!#REF!
Name _____DAT10: #REF!
Name _____DAT8: #REF!
Name _____LI8200: #REF!
Name _____MEN1: #REF!
Name _____MEN2: #REF!
Name _____MEN3: #REF!
Name _____MEN4: #REF!
Name _____RE1: #REF!
Name _____RE10: #REF!
Name _____RE11: #REF!
Name _____RE12: #REF!
Name _____RE2: #REF!
Name _____RE3: #REF!
Name _____RE4: #REF!
Name _____RE5: #REF!
Name _____RE6: #REF!
Name _____RE7: #REF!
Name _____RE8: #REF!
Name _____RE9: #REF!
Name ____AA1: [3]A0021!#REF!
Name ____CAP02: #REF!
Name ____DAT1: [2]Sheet1!#REF!
Name ____DAT10: #REF!
Name ____DAT8: #REF!
Name ____LI8200: #REF!
Name ____MEN1: #REF!
Name ____MEN2: #REF!
Name ____MEN3: #REF!
Name ____MEN4: #REF!
Name ____r: #REF!
Name ____RE1: #REF!

Sheet Capa

Sheet Cons Statement
B3: Consolidated Statement (In R$ million, except when indicated) | C3: 2Q24 | D3: 2Q23 | E3: ∆ % | F3: 1Q24 | G3: ∆ % | I3: 2024 YTD | J3: 2023 YTD | K3: ∆ % | N3: 1Q22 | O3: 2Q22 | P3: 3Q22 | Q3: 4Q22 | R3: 1Q23 | S3: 2Q23 | T3: 3Q23 | U3: 4Q23 | V3: 1Q24 | W3: 2Q24
A4: Receita Bruta Vendas | B4: Sales Gross Revenue | C4: 134444.98 | D4: 170888.05 | E4: -0.21325699 | F4: 155359.02 | G4: -0.1346175 | I4: 289804 | J4: 379667.27 | K4: -0.23668953 | M4: 3 | N4: 208520.92 | O4: 267894.83 | P4: 239958.52 | Q4: 248896.64 | R4: 208779.22 | S4: 170888.05 | T4: 176938.98 | U4: 181013.48 | V4: 155359.02 | W4: 134444.98
A5: Vendas Totais TaaS (VGV Locações) | B5: TaaS (VGV Leases) | C5: 85511.317 | D5: 79426.125 | E5: 0.076614484 | F5: 69254.275 | G5: 0.23474424 | I5: 154765.59 | J5: 228217.66 | K5: -0.32185093 | M5: 4 | N5: 85423.84 | O5: 104928.05 | P5: 194460.8 | Q5: 130818.77 | R5: 148791.53 | S5: 79426.125 | T5: 97031.952 | U5: 89102.546 | V5: 69254.275 | W5: 85511.317
A6: Vendas Totais | B6: Total Sales | C6: 219956.3 | D6: 250314.18 | E6: -0.12127911 | F6: 224613.3 | G6: -0.020733415 | I6: 444569.59 | J6: 607884.93 | K6: -0.26866159 | M6: 5 | N6: 293944.76 | O6: 372822.88 | P6: 434419.32 | Q6: 379715.41 | R6: 357570.75 | S6: 250314.18 | T6: 273970.93 | U6: 270116.03 | V6: 224613.3 | W6: 219956.3
A8: Receita Bruta Vendas | B8: Sales Gross Revenue | C8: 134444.98 | D8: 170888.05 | E8: -0.21325699 | F8: 155359.02 | G8: -0.1346175 | I8: 289804 | J8: 379667.27 | K8: -0.23668953 | M8: 7 | N8: 208520.92 | O8: 267894.83 | P8: 239958.52 | Q8: 248896.64 | R8: 208779.22 | S8: 170888.05 | T8: 176938.98 | U8: 181013.48 | V8: 155359.02 | W8: 134444.98
A9: Receita Bruta Locação | B9: Lease Gross Revenue | C9: 89537.167 | D9: 83448.099 | E9: 0.072968326 | F9: 86657.166 | G9: 0.033234421 | I9: 176194.33 | J9: 166812.88 | K9: 0.056239371 | M9: 8 | N9: 70579.936 | O9: 70762.789 | P9: 73280.244 | Q9: 78824.512 | R9: 83364.783 | S9: 83448.099 | T9: 82446.985 | U9: 86003.246 | V9: 86657.166 | W9: 89537.167
A10: Receita Bruta | B10: Gross Revenue | C10: 223982.15 | D10: 254336.15 | E10: -0.11934601 | F10: 242016.19 | G10: -0.07451585 | I10: 465998.34 | J10: 546480.15 | K10: -0.14727308 | M10: 9 | N10: 279100.85 | O10: 338657.62 | P10: 313238.77 | Q10: 327721.15 | R10: 292144 | S10: 254336.15 | T10: 259385.96 | U10: 267016.73 | V10: 242016.19 | W10: 223982.15
D11: 0.3281016 | F11: 0.35806351
A12: (-) Impostos Incidentes sobre Receita | B12: (-) Tax levy on Revenues | C12: -26475.65 | D12: -32110.477 | E12: -0.17548251 | F12: -27254.223 | G12: -0.028567052 | I12: -53729.872 | J12: -69054.166 | K12: -0.221917 | M12: 11 | N12: -34512.545 | O12: -41487.653 | P12: -38059.868 | Q12: -41449.781 | R12: -36943.689 | S12: -32110.477 | T12: -34014.493 | U12: -35331.753 | V12: -27254.223 | W12: -26475.65
A13: (-) Devoluções | B13: (-) Returns | C13: -4387.9421 | D13: -2492.5913 | E13: 0.76039375 | F13: -5221.5619 | G13: -0.15964951 | I13: -9609.504 | J13: -13432.618 | K13: -0.28461424 | M13: 12 | N13: -3394.1045 | O13: -12850.274 | P13: -7273.2453 | Q13: -8786.8423 | R13: -10940.027 | S13: -2492.5913 | T13: -7548.6915 | U13: -12783.185 | V13: -5221.5619 | W13: -4387.9421
A14: Receita Líquida | B14: Net Revenue | C14: 193118.56 | D14: 219733.08 | E14: -0.12112208 | F14: 209540.4 | G14: -0.078370801 | I14: 402658.96 | J14: 463993.37 | K14: -0.13218811 | M14: 13 | N14: 241194.21 | O14: 284319.69 | P14: 267905.66 | Q14: 277484.52 | R14: 244260.28 | S14: 219733.08 | T14: 217822.78 | U14: 218901.79 | V14: 209540.4 | W14: 193118.56
A16: . Custo de Mercadorias Vendidas | B16: . Cost of Goods Sold | C16: -88464.23 | D16: -118987.53 | E16: -0.25652521 | F16: -104591.45 | G16: -0.15419251 | I16: -193055.68 | J16: -260014.66 | K16: -0.25752003 | M16: 15 | N16: -132175.65 | O16: -163233.2 | P16: -161452.41 | Q16: -170151.25 | R16: -141027.13 | S16: -118987.53 | T16: -119974.67 | U16: -52058.626 | V16: -104591.45 | W16: -88464.23
A17: . Custo com Depreciação | B17: . Depreciation Cost | C17: -49663.986 | D17: -48230.086 | E17: 0.029730415 | F17: -49578.975 | G17: 0.0017146695 | I17: -99242.961 | J17: -94494.184 | K17: 0.050254699 | M17: 16 | N17: -37391.82 | O17: -39681.725 | P17: -41221.282 | Q17: -44026.239 | R17: -46264.098 | S17: -48230.086 | T17: -48687.476 | U17: -16347.197 | V17: -49578.975 | W17: -49663.986
A18: . Despesas de Importação e Frete | B18: . Import and Freight Expenses | C18: -1848.8974 | D18: -1442.9309 | E18: 0.28134854 | F18: -2219.8992 | G18: -0.16712549 | I18: -4068.7966 | J18: -5292.0068 | K18: -0.23114296 | M18: 17 | N18: -8009.4907 | O18: -8547.719 | P18: -4042.067 | Q18: -3790.1966 | R18: -3849.0759 | S18: -1442.9309 | T18: -2266.7819 | U18: -370.32279 | V18: -2219.8992 | W18: -1848.8974
A19: . Custos com Pessoal | B19: . Cost With Staff | C19: -698.8042 | D19: -977.4632 | E19: -0.28508388 | F19: -698.1199 | G19: 0.00098020412 | I19: -1396.9241 | J19: -1716.8988 | K19: -0.18636784 | M19: 18 | N19: -765.7604 | O19: -807.49876 | P19: -773.10413 | Q19: -700.03944 | R19: -739.43562 | S19: -977.4632 | T19: -588.14145 | U19: -215.44894 | V19: -698.1199 | W19: -698.8042
A20: . Provisão de Obsolescência de Estoques | B20: . Provision for Inventory Obsolescence | C20: 3240.2754 | D20: 1924.1989 | E20: 0.68396074 | F20: 1918.3744 | G20: 0.6890735 | I20: 5158.6499 | J20: 340.5298 | K20: 14.148894 | M20: 19 | N20: -1838.8522 | O20: -1694.0769 | P20: 298.45087 | Q20: 1390.4327 | R20: -1583.6691 | S20: 1924.1989 | T20: 1802.9985 | U20: 269.96827 | V20: 1918.3744 | W20: 3240.2754
A21: . Serviços Prestados Pessoa Juridica | B21: . Services Provided Legal Entity | C21: -63.38368 | D21: -231.13861 | E21: -0.72577632 | F21: -134.81728 | G21: -0.52985493 | I21: -198.20096 | J21: -527.85187 | K21: -0.62451405 | M21: 20 | N21: -546.97356 | O21: -468.08594 | P21: -853.19037 | Q21: -625.40429 | R21: -296.71326 | S21: -231.13861 | T21: -193.26 | U21: -22.04187 | V21: -134.81728 | W21: -63.38368
A22: . Outros Custos | B22: . Other Costs | C22: -123.28577 | D22: -125.11165 | E22: -0.014594005 | F22: -105.37207 | G22: 0.17000425 | I22: -228.65784 | J22: -508.61163 | K22: -0.55042743 | M22: 21 | N22: -454.36615 | O22: -328.89557 | P22: -464.5319 | Q22: -891.48001 | R22: -383.49998 | S22: -125.11165 | T22: -96.83713 | U22: -60.33115 | V22: -105.37207 | W22: -123.28577
A23: (-) CMV | B23: (-) CMV | C23: -137622.31 | D23: -168070.06 | E23: -0.18116106 | F23: -155410.26 | G23: -0.11445798 | I23: -293032.57 | J23: -362213.68 | K23: -0.19099531 | M23: 22 | N23: -181182.92 | O23: -214761.2 | P23: -208508.14 | Q23: -218794.18 | R23: -194143.62 | S23: -168070.06 | T23: -170004.17 | U23: -180237.94 | V23: -155410.26 | W23: -137622.31
A24: Lucro Bruto | B24: Gross Income | C24: 55496.243 | D24: 51663.021 | E24: 0.074196631 | F24: 54130.148 | G24: 0.025237231 | I24: 109626.39 | J24: 101779.68 | K24: 0.077095043 | M24: 23 | N24: 60011.288 | O24: 69558.489 | P24: 59397.517 | Q24: 58690.344 | R24: 50116.662 | S24: 51663.021 | T24: 47818.61 | U24: 38663.855 | V24: 54130.148 | W24: 55496.243
... A37: Margem EBITDA (% Receita Líquida) | B37: EBITDA Margin (% Net Revenue) | C37: 0.38634149 | D37: 0.31203523 | E37: 7.4 | F37: 0.32540558 | G37: 6.1 | I37: 0.35463094 | J37: 0.27163519 | K37: 8.3 | M37: 49 | N37: 0.27076883 | O37: 0.23701866 | P37: 0.23375362 | Q37: 0.22335438 | R37: 0.23529188 | S37: 0.31203523 | T37: 0.27699458 | U37: 0.20664656 | V37: 0.32540558 | W37: 0.38634149
A39: (+) Despesas de Fusões e Aquisições (M&A) | B39: (+) Mergers and Acquisitions (M&A) Expenses | C39: 33 | D39: 0 | E39: n.a. | F39: 0 | G39: n.a. | I39: 33 | J39: 0 | K39: n.a. | M39: 52 | N39: 0 | O39: 0 | P39: 30.3207 | Q39: 120.90379 | R39: 0 | S39: 0 | T39: 0 | U39: 0 | V39: 0 | W39: 33
B40: (+) Pre Operationing Expenses | C40: 55.92451 | D40: 0 | E40: n.a. | F40: 0 | G40: n.a. | I40: 55.92451 | J40: 0 | K40: n.a. | W40: 55.92451
A41: (+) Rev. Despesas não recorrentes | B41: (+) Non-recurring Expenses and Revenues | C41: 88.92451 | D41: 0 | E41: n.a. | F41: 0 | G41: n.a. | I41: 88.92451 | J41: 0 | K41: n.a. | M41: 56 | N41: 0 | O41: 0 | P41: 30.3207 | Q41: 120.90379 | R41: 0 | S41: 0 | T41: 0 | U41: 0 | V41: 0 | W41: 88.92451
A42: EBITDA Ajustado | B42: Adjusted EBITDA | C42: 74698.635 | D42: 68564.464 | E42: 0.089465747 | F42: 68185.617 | G42: 0.095518938 | I42: 142884.25 | J42: 126036.93 | K42: 0.13366977 | M42: 57 | N42: 65307.874 | O42: 67389.071 | P42: 62654.238 | Q42: 62098.288 | R42: 57472.462 | S42: 68564.464 | T42: 60335.73 | U42: 45235.301 | V42: 68185.617 | W42: 74698.635
A43: Margem EBITDA Ajustada (% Receita Líquida) | B43: Adjusted EBITDA Margin (% Net Revenue) | C43: 0.38680195 | D43: 0.31203523 | E43: 7.5 | F43: 0.32540558 | G43: 6.1 | I43: 0.35485179 | J43: 0.27163519 | K43: 8.3 | M43: 58 | N43: 0.27076883 | O43: 0.23701866 | P43: 0.2338668 | Q43: 0.2237901 | R43: 0.23529188 | S43: 0.31203523 | T43: 0.27699458 | U43: 0.20664656 | V43: 0.32540558 | W43: 0.38680195
A45: . Variação cambial | B45: . Exchange Variation | C45: 2482.317 | D45: 4146.2835 | E45: -0.40131517 | F45: 917.75916 | G45: 1.7047586 | I45: 3400.0762 | J45: 6782.8018 | K45: -0.49872099 | M45: 60 | N45: 33649.125 | O45: 17189.616 | P45: 5999.5955 | Q45: 4295.5734 | R45: 2636.5183 | S45: 4146.2835 | T45: 3867.1378 | U45: 4014.7066 | V45: 917.75916 | W45: 2482.317
A46: . Ajustes a valor justo de instrumento derivativos | B46: . Adjustments to Fair Value of Derivative Instruments | C46: 2725.2226 | D46: 4268.0169 | E46: -0.36147802 | F46: 2372.4441 | G46: 0.14869834 | I46: 5097.6667 | J46: 9107.1255 | K46: -0.44025514 | M46: 61 | N46: 1028.47 | O46: 15437.22 | P46: 7761.5054 | Q46: 7523.7979 | R46: 4839.1085 | S46: 4268.0169 | T46: 4346.9007 | U46: 1885.2164 | V46: 2372.4441 | W46: 2725.2226
A47: . Juros ativos | B47: . Interest Income | C47: 12407.612 | D47: 8240.373 | E47: 0.50570999 | F47: 10676.728 | G47: 0.16211748 | I47: 23084.34 | J47: 16123.684 | K47: 0.43170382 | M47: 62 | N47: 5193.5968 | O47: 7884.4148 | P47: 10058.971 | Q47: 8348.494 | R47: 7883.3108 | S47: 8240.373 | T47: 8869.7285 | U47: 9369.7332 | V47: 10676.728 | W47: 12407.612
A48: . Rendimentos de investimentos de curto prazo | B48: . Short-Term Investment Income | C48: 1099.9832 | D48: 3193.0516 | E48: -0.65550723 | F48: 1671.2926 | G48: -0.34183686 | I48: 2771.2758 | J48: 9839.4126 | K48: -0.71834947 | M48: 63 | N48: 3578.6668 | O48: 1901.5487 | P48: 15520.856 | Q48: 14079.325 | R48: 6646.361 | S48: 3193.0516 | T48: 1701.3077 | U48: 2113.501 | V48: 1671.2926 | W48: 1099.9832
A49: . Outras receitas financeiras | B49: . Other Financial Income | C49: 1036.4394 | D49: 1291.1364 | E49: -0.19726576 | F49: 1612.0306 | G49: -0.35705972 | I49: 2648.47 | J49: 1855.4814 | K49: 0.42737621 | M49: 64 | N49: 765.27053 | O49: 384.61679 | P49: 2959.2477 | Q49: 1031.0957 | R49: 564.34499 | S49: 1291.1364 | T49: 4370.9393 | U49: 4141.755 | V49: 1612.0306 | W49: 1036.4394
A50: Receitas Financeiras | B50: Financial Income | C50: 19751.574 | D50: 21138.861 | E50: -0.06562734 | F50: 17250.254 | G50: 0.14500192 | I50: 37001.828 | J50: 43708.505 | K50: -0.153441 | M50: 65 | N50: 44215.129 | O50: 42797.416 | P50: 42300.175 | Q50: 35278.286 | R50: 22569.644 | S50: 21138.861 | T50: 23156.014 | U50: 21524.912 | V50: 17250.254 | W50: 19751.574
A51: . Variação cambial | B51: . Exchange Variation | C51: -8370.6267 | D51: -48.962367 | E51: 169.96042 | F51: -4457.9644 | G51: 0.87767914 | I51: -12828.591 | J51: -1202.8755 | K51: 9.6649365 | M51: 66 | N51: -24400.454 | O51: -23273.647 | P51: -6447.1598 | Q51: -7371.05 | R51: -1153.9132 | S51: -48.962367 | T51: -6277.0677 | U51: -2098.8356 | V51: -4457.9644 | W51: -8370.6267
A52: . Ajustes a valor justo de instrumento derivativos | B52: . Adjustments to Fair Value of Derivative Instruments | C52: -1121.314 | D52: -8940.5754 | E52: -0.87458145 | F52: -2005.5968 | G52: -0.44090757 | I52: -3126.9108 | J52: -18064.581 | K52: -0.82690377 | M52: 67 | N52: -28752.022 | O52: -10817.949 | P52: -10827.798 | Q52: -9749.835 | R52: -9124.0052 | S52: -8940.5754 | T52: -3464.4724 | U52: -3481.3839 | V52: -2005.5968 | W52: -1121.314
A53: . Juros sobre empréstimos financiamentos e Debentures | B53: . Interest on loans, financing and Debentures | C53: -17378.247 | D53: -24145.536 | E53: -0.28027081 | F53: -17810.455 | G53: -0.024267119 | I53: -35188.702 | J53: -51715.689 | K53: -0.31957394 | M53: 68 | N53: -15654.518 | O53: -17473.223 | P53: -34869.43 | Q53: -31968.717 | R53: -27570.153 | S53: -24145.536 | T53: -23366.433 | U53: -20238.122 | V53: -17810.455 | W53: -17378.247
A54: . Remuneração avalistas | B54: . Guarantor's Remuneration | C54: -18.53589 | D54: -91.76133 | E54: -0.7979989 | F54: -27.65356 | G54: -0.32971053 | I54: -46.18945 | J54: -211.02202 | K54: -0.7811155 | M54: 69 | N54: -619.08905 | O54: -508.31595 | P54: -404.42118 | Q54: -265.4229 | R54: -119.26069 | S54: -91.76133 | T54: -72.30997 | U54: -53.29904 | V54: -27.65356 | W54: -18.53589
A55: . Descontos concedidos | B55: . Discounts Given | C55: -3137.4172 | D55: -566.90105 | E55: 4.5343294 | F55: -218.02763 | G55: 13.389998 | I55: -3355.4448 | J55: -639.20692 | K55: 4.2493875 | M55: 70 | N55: -122.11887 | O55: -44.0412 | P55: -57.33264 | Q55: -23.18341 | R55: -72.30587 | S55: -566.90105 | T55: -197.05206 | U55: -577.85256 | V55: -218.02763 | W55: -3137.4172
A56: . Encargos sobre duplicatas descontadas | B56: . Charges on discounted duplicates | C56: 0 | D56: 0 | F56: 0 | G56: n.a. | I56: 0 | J56: 0 | K56: n.a. | M56: 71 | N56: 0 | O56: 0 | P56: 0 | Q56: 0 | R56: 0 | S56: 0 | T56: 0 | U56: 0 | V56: 0 | W56: 0
A57: . IOF e IR sobre empréstimos | B57: . IOF and IR on Loans | C57: -222.08707 | D57: -405.48016 | E57: -0.45228622 | F57: -333.13153 | G57: -0.33333518 | I57: -555.2186 | J57: -1386.8007 | K57: -0.59964068 | M57: 72 | N57: -392.18248 | O57: -277.79557 | P57: -482.98367 | Q57: -862.04565 | R57: -981.32059 | S57: -405.48016 | T57: -423.83015 | U57: -302.11166 | V57: -333.13153 | W57: -222.08707
A58: . Despesas bancárias | B58: . Bank Expenses | C58: -560.16779 | D58: -417.67006 | E58: 0.34117297 | F58: -541.67621 | G58: 0.034137697 | I58: -1101.844 | J58: -879.54254 | K58: 0.25274668 | M58: 73 | N58: -416.22246 | O58: -414.14173 | P58: -627.80676 | Q58: -411.23329 | R58: -461.87248 | S58: -417.67006 | T58: -434.31516 | U58: -403.46114 | V58: -541.67621 | W58: -560.16779
A59: . Outras despesas financeiras | B59: . Other Financial Expenses | C59: -3231.6958 | D59: -2693.8456 | E59: 0.19965887 | F59: -3248.2022 | G59: -0.0050817085 | I59: -6479.898 | J59: -4107.5284 | K59: 0.57756619 | M59: 74 | N59: -4769.8446 | O59: -6162.5428 | P59: -4326.7466 | Q59: -2693.8735 | R59: -1413.6828 | S59: -2693.8456 | T59: 260.92542 | U59: -1548.9092 | V59: -3248.2022 | W59: -3231.6958
A60: Despesas Financeiras | B60: Financial Expenses | C60: -34040.091 | D60: -37310.732 | E60: -0.087659504 | F60: -28642.708 | G60: 0.18843832 | I60: -62682.799 | J60: -78207.245 | K60: -0.19850394 | M60: 75 | N60: -75126.451 | O60: -58971.656 | P60: -58043.678 | Q60: -53345.361 | R60: -40896.514 | S60: -37310.732 | T60: -33974.555 | U60: -28703.975 | V60: -28642.708 | W60: -34040.091
A61: (+/-) Resultado Financeiro | B61: (+/-) Financial Income | C61: -14288.517 | D61: -16171.87 | E61: -0.11645858 | F61: -11392.453 | G61: 0.25420896 | I61: -25680.971 | J61: -34498.74 | K61: -0.25559686 | M61: 76 | N61: -30911.322 | O61: -16174.24 | P61: -15743.503 | Q61: -18067.075 | R61: -18326.87 | S61: -16171.87 | T61: -10818.541 | U61: -7179.0625 | V61: -11392.453 | W61: -14288.517
A62: (-) Provisão para IR e CSLL | B62: (-) Provision for IR and CSLL | C62: -1352.8161 | D62: 156.28896 | E62: -9.6558646 | F62: -1779.0542 | G62: -0.23958694 | I62: -3131.8703 | J62: 1684.8505 | K62: -2.8588417 | M62: 77 | N62: 3013.7746 | O62: -723.45109 | P62: 10677.626 | Q62: 2305.2023 | R62: 1528.5615 | S62: 156.28896 | T62: 485.63663 | U62: 2065.7559 | V62: -1779.0542 | W62: -1352.8161
A63: Lucro Líquido | B63: Net Income | C63: 8302.7954 | D63: 3511.7238 | E63: 1.3643076 | F63: 4737.9886 | G63: 0.7523882 | I63: 13040.784 | J63: -2879.0321 | K63: -5.5295722 | M63: 78 | N63: -2093.4818 | O63: 8558.2976 | P63: 15206.884 | Q63: 1496.8574 | R63: -6390.756 | S63: 3511.7238 | T63: 855.3966 | U63: -9851.8934 | V63: 4737.9886 | W63: 8302.7954
A64: Margem Líquida (% Receita Líquida) | B64: Net Margin (% Net Revenue) | C64: 0.042993255 | D64: 0.015981771 | E64: 2.7 | F64: 0.022611337 | G64: 2 | I64: 0.032386673 | J64: -0.0062048993 | K64: 3.9 | M64: 79 | N64: -0.0086796522 | O64: 0.030100967 | P64: 0.056762087 | Q64: 0.0053943816 | R64: -0.026163713 | S64: 0.015981771 | T64: 0.0039270301 | U64: -0.045005997 | V64: 0.022611337 | W64: 0.042993255
M65: 80 | N65: 0 | O65: 0 | P65: 0 | Q65: 0
A66: (+) Despesas de Fusões e Aquisições (M&A) | B66: (+) Mergers and Acquisitions (M&A) Expenses | C66: 33 | D66: 0 | E66: n.a. | F66: 0 | G66: n.a. | I66: 33 | J66: 0 | K66: n.a. | M66: 82 | N66: 0 | O66: 0 | P66: 30.3207 | Q66: 120.90379 | R66: 0 | S66: 0 | T66: 0 | U66: 0 | V66: 0 | W66: 33
B67: (+) Rem. Expenses Share-Based Variable
B68: (-) Exclu. ICMS Credit PIS/COFINS Base (17-20)
B69: (-) Exclu. ICMS Subsidy IRPJ/CSLL Base (17-20) | E69: n.a. | F69: 0 | G69: n.a. | I69: 0 | J69: 0 | K69: n.a. | W69: 55.92451
A70: (-) Excl. Subvenção ICMS Base IRPJ/CSLL (17-20) | B70: (+) Pre-Operating Expenses | C70: 55.92451 | D70: 0 | E70: n.a. | F70: 0 | G70: n.a. | I70: 55.92451 | J70: 0 | K70: n.a. | M70: 85 | N70: 0 | O70: 0 | P70: -13014.708 | Q70: 0 | R70: 0 | S70: 0 | T70: 0 | U70: 0 | V70: 0 | W70: 0
A71: (-) Reversão IR e CSLL | B71: (-) IR and CSLL Reversal | C71: -30.234333 | D71: 0 | E71: n.a. | F71: 0 | G71: n.a. | I71: -30.234333 | J71: 0 | K71: n.a. | M71: 87 | N71: 0 | O71: 0 | P71: -10.309038 | Q71: -41.107289 | R71: 0 | S71: 0 | T71: 0 | U71: 0 | V71: 0 | W71: -30.234333
A72: (+) Rev. Desp. não recorrentes e IR e CSLL | B72: (+) Non-recurring Expenses and Revenues and IR and CSLL | C72: 58.690177 | D72: 0 | E72: n.a. | F72: 0 | G72: n.a. | I72: 58.690177 | J72: 0 | K72: n.a. | M72: 88 | N72: 0 | O72: 0 | P72: -12994.696 | Q72: 79.796501 | R72: 0 | S72: 0 | T72: 0 | U72: 0 | V72: 0 | W72: 58.690177
A73: Lucro Líquido Ajustado | B73: Adjusted Net Income | C73: 8361.4855 | D73: 3511.7238 | E73: 1.3810202 | F73: 4737.9886 | G73: 0.76477535 | I73: 13099.474 | J73: -2879.0321 | K73: -5.5499576 | M73: 89 | N73: -2093.4818 | O73: 8558.2976 | P73: 2212.1882 | Q73: 1576.6539 | R73: -6390.756 | S73: 3511.7238 | T73: 855.3966 | U73: -9851.8934 | V73: 4737.9886 | W73: 8361.4855
A74: Margem Líquida Ajustada (% Receita Líquida) | B74: Adjusted Net Margin (% Net Revenue) | C74: 0.043297163 | D74: 0.015981771 | E74: 2.7 | F74: 0.022611337 | G74: 2.1 | I74: 0.032532429 | J74: -0.0062048993 | K74: 3.9 | M74: 90 | N74: -0.0086796522 | O74: 0.030100967 | P74: 0.0082573404 | Q74: 0.0056819526 | R74: -0.026163713 | S74: 0.015981771 | T74: 0.0038928894 | U74: -0.044835731 | V74: 0.022611337 | W74: 0.043297163

Sheet Telecom
B2: Telecom Statement (In R$ million, except when indicated) | C2: ='Cons Statement'!C3 -> 2Q24 | D2: ='Cons Statement'!D3 -> 2Q23 | E2: ∆ % | F2: ='Cons Statement'!F3 -> 1Q24 | G2: ∆ % | I2: 2024 YTD | J2: 2023 YTD | L2: 1Q22 | M2: 2Q22 | N2: 3Q22 | O2: 4Q22 | P2: 1Q23 | Q2: 2Q23 | R2: 3Q23 | S2: 4Q23 | T2: 1Q24 | U2: 2Q24
A3: Demonstração do Resultado Telecom (R$ milhares, exceto quando indicado) | C3: 3T23 | D3: 3T22 | E3: ∆ % | F3: 2T23 | G3: ∆ % | I3: 2023 Acum. | J3: 2022 Acum. | L3: 1T22 | M3: 2T22 | N3: 3T22 | O3: 4T22 | P3: 1T23 | Q3: 2T23 | R3: 3T23
A5: Receita Bruta Vendas | B5: Sales Gross Revenue | C5: 64466.573 | D5: 70989.124 | E5: -0.091880991 | F5: 52721.82 | G5: 0.22276836 | I5: 117188.39 | J5: 150006.14 | L5: 59523.488 | M5: 78825.055 | N5: 80018.781 | O5: 84394.362 | P5: 79017.017 | Q5: 70989.124 | R5: 66334.65 | S5: 71279.469 | T5: 52721.82 | U5: 64466.573
A6: Receita Bruta TaaS (VGV Locações) | B6: TaaS (VGV Leases) | C6: 60026.824 | D6: 60697.096 | E6: -0.011042891 | F6: 38657.99 | G6: 0.55276631 | I6: 98684.815 | J6: 183053.13 | L6: 76044.095 | M6: 80047.99 | N6: 164962.39 | O6: 101595.22 | P6: 122356.03 | Q6: 60697.096 | R6: 43378.754 | S6: 63715.717 | T6: 38657.99 | U6: 60026.824
A7: Vendas Totais | B7: Total Sales | C7: 124493.4 | D7: 131686.22 | E7: -0.05462092 | F7: 91379.81 | G7: 0.36237313 | I7: 215873.21 | J7: 333059.27 | L7: 135567.58 | M7: 158873.04 | N7: 244981.17 | O7: 185989.58 | P7: 201373.05 | Q7: 131686.22 | R7: 109713.4 | S7: 134995.19 | T7: 91379.81 | U7: 124493.4
A9: Receita Bruta Vendas | B9: Sales Gross Revenue | C9: 64466.573 | D9: 70989.124 | E9: -0.091880991 | F9: 52721.82 | G9: 0.22276836 | I9: 117188.39 | J9: 150006.14 | L9: 59523.488 | M9: 78825.055 | N9: 80018.781 | O9: 84394.362 | P9: 79017.017 | Q9: 70989.124 | R9: 66334.65 | S9: 71279.469 | T9: 52721.82 | U9: 64466.573
A10: Receita Bruta Locação | B10: Lease Gross Revenue | C10: 68614.617 | D10: 67276.248 | E10: 0.019893629 | F10: 67287.562 | G10: 0.019722141 | I10: 135902.18 | J10: 134728.44 | L10: 57844.161 | M10: 57687.005 | N10: 59994.628 | O10: 63860.039 | P10: 67452.188 | Q10: 67276.248 | R10: 66110.991 | S10: 67142.246 | T10: 67287.562 | U10: 68614.617
A11: Receita Bruta | B11: Gross Revenue | C11: 133081.19 | D11: 138265.37 | E11: -0.037494437 | F11: 120009.38 | G11: 0.10892322 | I11: 253090.57 | J11: 284734.58 | L11: 117367.65 | M11: 136512.06 | N11: 140013.41 | O11: 148254.4 | P11: 146469.2 | Q11: 138265.37 | R11: 132445.64 | S11: 138421.72 | T11: 120009.38 | U11: 133081.19
C12: 0.51558464 | D12: 0.48657337 | F12: 0.56068585 | G12: -0.080439362
A13: (-) Impostos Incidentes sobre Receita | B13: (-) Tax levy on Revenues | C13: -14556.669 | D13: -17056.064 | E13: -0.14653996 | F13: -13238.539 | G13: 0.099567693 | I13: -27795.208 | J13: -35587.232 | L13: -15304.531 | M13: -17077.165 | N13: -17226.369 | O13: -19056.532 | P13: -18531.168 | Q13: -17056.064 | R13: -15682.86 | S13: -16724.049 | T13: -13238.539 | U13: -14556.669
A14: (-) Devoluções | B14: (-) Returns | C14: -1819.1543 | D14: -1397.4119 | E14: 0.30180254 | F14: -1955.0312 | G14: -0.069501145 | I14: -3774.1856 | J14: -5831.8958 | L14: -492.39526 | M14: -2850.8516 | N14: -1207.2559 | O14: -1709.5006 | P14: -4434.4839 | Q14: -1397.4119 | R14: -2830.3351 | S14: -3005.592 | T14: -1955.0312 | U14: -1819.1543
A15: Receita Líquida | B15: Net Revenue | C15: 116705.37 | D15: 119811.9 | E15: -0.025928393 | F15: 104815.81 | G15: 0.11343283 | I15: 221521.18 | J15: 243315.45 | L15: 101570.72 | M15: 116584.04 | N15: 121579.78 | O15: 127488.37 | P15: 123503.55 | Q15: 119811.9 | R15: 113932.45 | S15: 118692.07 | T15: 104815.81 | U15: 116705.37
A17: (-) CMV | B17: (-) CMV | C17: -85066.655 | D17: -92108.062 | E17: -0.076447235 | F17: -79088.052 | G17: 0.075594274 | I17: -164154.71 | J17: -186365.84 | L17: -70506.503 | M17: -83212.988 | N17: -90388.455 | O17: -95207.063 | P17: -94257.781 | Q17: -92108.062 | R17: -86833.552 | S17: -94339.643 | T17: -79088.052 | U17: -85066.655
A18: Lucro Bruto | B18: Gross Income | C18: 31638.711 | D18: 27703.834 | E18: 0.14203365 | F18: 25727.761 | G18: 0.2297499 | I18: 57366.472 | J18: 56949.606 | L18: 31064.219 | M18: 33371.056 | N18: 31191.329 | O18: 32281.306 | P18: 29245.772 | Q18: 27703.834 | R18: 27098.894 | S18: 24352.431 | T18: 25727.761 | U18: 31638.711
A19: Margem Bruta (% Receita Líquida) | B19: Gross Margin (% Net Revenue) | C19: 0.27109902 | D19: 0.23122774 | E19: 4 | F19: 0.24545686 | G19: 2.6 | I19: 0.25896608 | J19: 0.23405668 | L19: 0.30583832 | M19: 0.28624034 | N19: 0.25655029 | O19: 0.25320981 | P19: 0.23680106 | Q19: 0.23122774 | R19: 0.23785054 | S19: 0.20517318 | T19: 0.24545686 | U19: 0.27109902

Sheet Solar
B2: Solar Statement (In R$ million, except when indicated) | C2: ='Cons Statement'!C3 -> 2Q24 | D2: ='Cons Statement'!D3 -> 2Q23 | E2: ∆ % | F2: ='Cons Statement'!F3 -> 1Q24 | G2: ∆ % | I2: 2024 YTD | J2: 2023 YTD | L2: 1Q22 | M2: 2Q22 | N2: 3Q22 | O2: 4Q22 | P2: 1Q23 | Q2: 2Q23 | R2: 3Q23 | S2: 4Q23 | T2: 1Q24 | U2: 2Q24
A3: Demonstração do Resultado Solar (R$ milhares, exceto quando indicado) | C3: 3T23 | D3: 3T22 | E3: ∆ % | F3: 2T23 | G3: ∆ % | I3: 2023 Acum. | J3: 2022 Acum. | L3: 1T22 | M3: 2T22 | N3: 3T22 | O3: 4T22 | P3: 1T23 | Q3: 2T23 | R3: 3T23
A5: Receita Bruta Vendas | B5: Sales Gross Revenue | C5: 12875.937 | D5: 42702.706 | E5: -0.69847492 | F5: 26870.38 | G5: -0.520813 | I5: 39746.317 | J5: 113363.05 | L5: 93705.867 | M5: 108242.69 | N5: 98771.484 | O5: 94719.753 | P5: 70660.346 | Q5: 42702.706 | R5: 35891.458 | S5: 38999.889 | T5: 26870.38 | U5: 12875.937
A6: Receita Bruta TaaS (VGV Locações) | B6: TaaS (VGV Leases) | C6: 633.34391 | D6: 1144.1834 | E6: -0.44646646 | F6: 0 | G6: n.a. | I6: 633.34391 | J6: 4004.0423 | L6: 966.0754 | M6: 4655.6353 | N6: 7831.7068 | O6: 6353.6485 | P6: 2859.8588 | Q6: 1144.1834 | R6: 12030.119 | S6: 5.65078 | T6: 0 | U6: 633.34391
A7: Vendas Totais | B7: Total Sales | C7: 13509.281 | D7: 43846.89 | E7: -0.69189877 | F7: 26870.38 | G7: -0.49724267 | I7: 40379.661 | J7: 117367.09 | L7: 94671.943 | M7: 112898.33 | N7: 106603.19 | O7: 101073.4 | P7: 73520.205 | Q7: 43846.89 | R7: 47921.577 | S7: 39005.539 | T7: 26870.38 | U7: 13509.281
A9: Receita Bruta Vendas | B9: Sales Gross Revenue | C9: 12875.937 | D9: 42702.706 | E9: -0.69847492 | F9: 26870.38 | G9: -0.520813 | I9: 39746.317 | J9: 113363.05 | L9: 93705.867 | M9: 108242.69 | N9: 98771.484 | O9: 94719.753 | P9: 70660.346 | Q9: 42702.706 | R9: 35891.458 | S9: 38999.889 | T9: 26870.38 | U9: 12875.937
A10: Receita Bruta Locação | B10: Lease Gross Revenue | C10: 1808.7014 | D10: 1299.7079 | E10: 0.39162149 | F10: 1797.7178 | G10: 0.0061097545 | I10: 3606.4192 | J10: 2520.259 | L10: 66.010963 | M10: 215.10252 | N10: 650.20564 | O10: 1081.8298 | P10: 1220.5511 | Q10: 1299.7079 | R10: 1636.1118 | S10: 1798.6431 | T10: 1797.7178 | U10: 1808.7014
A11: Receita Bruta | B11: Gross Revenue | C11: 14684.638 | D11: 44002.414 | E11: -0.66627653 | F11: 28668.098 | G11: -0.48777075 | I11: 43352.736 | J11: 115883.31 | L11: 93771.878 | M11: 108457.8 | N11: 99421.69 | O11: 95801.583 | P11: 71880.897 | Q11: 44002.414 | R11: 37527.57 | S11: 40798.532 | T11: 28668.098 | U11: 14684.638
J12: 0
A13: (-) Impostos Incidentes sobre Receita | B13: (-) Tax levy on Revenues | C13: -1475.7253 | D13: -4244.6322 | E13: -0.6523314 | F13: -2674.032 | G13: -0.44812727 | I13: -4149.7573 | J13: -10967.237 | L13: -8533.7698 | M13: -10007.608 | N13: -9166.9554 | O13: -9075.3489 | P13: -6722.6049 | Q13: -4244.6322 | R13: -3671.6676 | S13: -3879.2972 | T13: -2674.032 | U13: -1475.7253
A14: (-) Devoluções | B14: (-) Returns | C14: -514.80455 | D14: 134.14543 | E14: -4.83766 | F14: -1381.4926 | G14: -0.62735628 | I14: -1896.2972 | J14: -3274.3265 | L14: -1251.861 | M14: -1712.7523 | N14: -4647.6685 | O14: -5168.5734 | P14: -3408.4719 | Q14: 134.14543 | R14: -1044.4933 | S14: -4823.4429 | T14: -1381.4926 | U14: -514.80455
A15: Receita Líquida | B15: Net Revenue | C15: 12694.108 | D15: 39891.927 | E15: -0.68178754 | F15: 24612.573 | G15: -0.48424295 | I15: 37306.682 | J15: 101641.75 | L15: 83986.247 | M15: 96737.436 | N15: 85607.066 | O15: 81557.66 | P15: 61749.82 | Q15: 39891.927 | R15: 32811.409 | S15: 32095.792 | T15: 24612.573 | U15: 12694.108
J16: 0
A17: (-) CMV | B17: (-) CMV | C17: -10351.894 | D17: -35789.393 | E17: -0.71075525 | F17: -21461.609 | G17: -0.51765526 | I17: -31813.503 | J17: -93713.311 | L17: -70978.103 | M17: -84420.531 | N17: -76008.175 | O17: -73124.316 | P17: -57923.918 | Q17: -35789.393 | R17: -34104.848 | S17: -36810.352 | T17: -21461.609 | U17: -10351.894
A18: Lucro Bruto | B18: Gross Income | C18: 2342.2141 | D18: 4102.5342 | E18: -0.42908116 | F18: 3150.9645 | G18: -0.25666757 | I18: 5493.1785 | J18: 7928.4369 | L18: 13008.145 | M18: 12316.906 | N18: 9598.8907 | O18: 8433.344 | P18: 3825.9027 | Q18: 4102.5342 | R18: -1293.4388 | S18: -4714.5599 | T18: 3150.9645 | U18: 2342.2141
A19: Margem Bruta (% Receita Líquida) | B19: Gross Margin (% Net Revenue) | C19: 0.1845119 | D19: 0.10284121 | E19: 8.2 | F19: 0.12802255 | G19: 5.6 | I19: 0.14724383 | J19: 0.078003744 | L19: 0.15488422 | M19: 0.12732305 | N19: 0.11212732 | O19: 0.10340346 | P19: 0.061958118 | Q19: 0.10284121 | R19: -0.039420397 | S19: -0.14689028 | T19: 0.12802255 | U19: 0.1845119

Sheet Enterprise
B2: Enterprise Statement (In R$ million, except when indicated) | C2: ='Cons Statement'!C3 -> 2Q24 | D2: ='Cons Statement'!D3 -> 2Q23 | E2: ∆ % | F2: ='Cons Statement'!F3 -> 1Q24 | G2: ∆ % | I2: 2024 YTD | J2: 2023 YTD | L2: 1Q22 | M2: 2Q22 | N2: 3Q22 | O2: 4Q22 | P2: 1Q23 | Q2: 2Q23 | R2: 3Q23 | S2: 4Q23 | T2: 1Q24 | U2: 2Q24
A3: Demonstração do Resultado Enterprise (R$ milhares, exceto quando indicado) | C3: 3T23 | D3: 3T22 | E3: ∆ % | F3: 2T23 | G3: ∆ % | I3: 2023 Acum. | J3: 2022 Acum. | L3: 1T22 | M3: 2T22 | N3: 3T22 | O3: 4T22 | P3: 1T23 | Q3: 2T23 | R3: 3T23 | S3: 4T23
A5: Receita Bruta Vendas | B5: Sales Gross Revenue | C5: 57102.47 | D5: 57196.222 | E5: -0.0016391248 | F5: 75766.823 | G5: -0.24633939 | I5: 132869.29 | J5: 116298.08 | L5: 55291.563 | M5: 80827.079 | N5: 61168.259 | O5: 69782.521 | P5: 59101.855 | Q5: 57196.222 | R5: 74712.87 | S5: 70734.124 | T5: 75766.823 | U5: 57102.47
A6: Receita Bruta TaaS (VGV Locações) | B6: TaaS (VGV Leases) | C6: 24851.148 | D6: 17584.846 | E6: 0.41321389 | F6: 30596.285 | G6: -0.18777235 | I6: 55447.433 | J6: 41160.488 | L6: 8413.6697 | M6: 20224.426 | N6: 21666.701 | O6: 22869.908 | P6: 23575.642 | Q6: 17584.846 | R6: 41623.079 | S6: 25381.178 | T6: 30596.285 | U6: 24851.148
A7: Vendas Totais | B7: Total Sales | C7: 81953.619 | D7: 74781.068 | E7: 0.095913992 | F7: 106363.11 | G7: -0.22949206 | I7: 188316.73 | J7: 157458.56 | L7: 63705.233 | M7: 101051.51 | N7: 82834.96 | O7: 92652.429 | P7: 82677.497 | Q7: 74781.068 | R7: 116335.95 | S7: 96115.303 | T7: 106363.11 | U7: 81953.619
S8: 0.26407011
A9: Receita Bruta Vendas | B9: Sales Gross Revenue | C9: 57102.47 | D9: 57196.222 | E9: -0.0016391248 | F9: 75766.823 | G9: -0.24633939 | I9: 132869.29 | J9: 116298.08 | L9: 55291.563 | M9: 80827.079 | N9: 61168.259 | O9: 69782.521 | P9: 59101.855 | Q9: 57196.222 | R9: 74712.87 | S9: 70734.124 | T9: 75766.823 | U9: 57102.47
A10: Receita Bruta Locação | B10: Lease Gross Revenue | C10: 19113.849 | D10: 14872.143 | E10: 0.28521147 | F10: 17571.886 | G10: 0.087751666 | I10: 36685.735 | J10: 29564.186 | L10: 12669.765 | M10: 12860.682 | N10: 12635.411 | O10: 13882.643 | P10: 14692.043 | Q10: 14872.143 | R10: 14699.882 | S10: 17062.357 | T10: 17571.886 | U10: 19113.849
A11: Receita Bruta | B11: Gross Revenue | C11: 76216.319 | D11: 72068.365 | E11: 0.057555823 | F11: 93338.709 | G11: -0.18344362 | I11: 169555.03 | J11: 145862.26 | L11: 67961.328 | M11: 93687.761 | N11: 73803.67 | O11: 83665.164 | P11: 73793.898 | Q11: 72068.365 | R11: 89412.752 | S11: 87796.481 | T11: 93338.709 | U11: 76216.319
A13: (-) Impostos Incidentes sobre Receita | B13: (-) Tax levy on Revenues | C13: -10443.255 | D13: -10809.781 | E13: -0.033906836 | F13: -11341.652 | G13: -0.079212171 | I13: -21784.907 | J13: -22499.697 | L13: -10674.243 | M13: -14402.879 | N13: -11666.544 | O13: -13317.901 | P13: -11689.916 | Q13: -10809.781 | R13: -14659.965 | S13: -14728.406 | T13: -11341.652 | U13: -10443.255
A14: (-) Devoluções | B14: (-) Returns | C14: -2053.9832 | D14: -1229.3248 | E14: 0.67082221 | F14: -1885.038 | G14: 0.089624276 | I14: -3939.0213 | J14: -4326.3961 | L14: -1649.8482 | M14: -8286.6696 | N14: -1418.3209 | O14: -1908.7683 | P14: -3097.0713 | Q14: -1229.3248 | R14: -3673.8631 | S14: -4954.1505 | T14: -1885.038 | U14: -2053.9832
A15: Receita Líquida | B15: Net Revenue | C15: 63719.081 | D15: 60029.259 | E15: 0.061467044 | F15: 80112.019 | G15: -0.20462521 | I15: 143831.1 | J15: 119036.17 | L15: 55637.236 | M15: 70998.212 | N15: 60718.805 | O15: 68438.495 | P15: 59006.911 | Q15: 60029.259 | R15: 71078.923 | S15: 68113.924 | T15: 80112.019 | U15: 63719.081
A17: (-) CMV | B17: (-) CMV | C17: -42203.762 | D17: -40172.607 | E17: 0.050560712 | F17: -54860.596 | G17: -0.23070901 | I17: -97064.358 | J17: -82134.531 | L17: -39698.312 | M17: -47127.685 | N17: -42111.509 | O17: -50462.8 | P17: -41961.924 | Q17: -40172.607 | R17: -49065.768 | S17: -49087.94 | T17: -54860.596 | U17: -42203.762
A18: Lucro Bruto | B18: Gross Income | C18: 21515.318 | D18: 19856.653 | E18: 0.08353198 | F18: 25251.423 | G18: -0.14795621 | I18: 46766.742 | J18: 36901.64 | L18: 15938.924 | M18: 23870.527 | N18: 18607.296 | O18: 17975.694 | P18: 17044.987 | Q18: 19856.653 | R18: 22013.155 | S18: 19025.984 | T18: 25251.423 | U18: 21515.318
A19: Margem Bruta (% Receita Líquida) | B19: Gross Margin (% Net Revenue) | C19: 0.33765896 | D19: 0.33078291 | E19: 0.7 | F19: 0.31520143 | G19: 2.2 | I19: 0.32515042 | J19: 0.31000358 | L19: 0.28647943 | M19: 0.33621307 | N19: 0.30645031 | O19: 0.26265473 | P19: 0.28886424 | Q19: 0.33078291 | R19: 0.30970017 | S19: 0.27932591 | T19: 0.31520143 | U19: 0.33765896

Sheet BS
B2: Consolidated Balance Sheet (In R$ million, except when indicated) | C2: ='Cons Statement'!C3 -> 2Q24 | D2: ='Cons Statement'!D3 -> 2Q23 | E2: ∆ % | F2: ='Cons Statement'!F3 -> 1Q24 | G2: ∆ % | L2: 1Q22 | M2: 2Q22 | N2: 3Q22 | O2: 4Q22 | P2: 1Q23 | Q2: 2Q23 | R2: 3Q23 | S2: 4Q23 | T2: 1Q24 | U2: 2Q24
A3: Balanço Patrimonial Consolidado (R$ milhares, exceto quando indicado) | C3: 3T23 | D3: 2T22 | E3: ∆ % | F3: 2T23 | G3: ∆ % | I3: 2021 | J3: 2020 | L3: 1T22 | M3: 2T22 | N3: 3T22 | O3: 4T22 | P3: 1T23 | Q3: 2T23 | R3: 3T23
A5: Ativo | B5: Assets
A6: Ativo Circulante | B6: Current Assets
A7: Caixa e equivalentes de caixa | B7: Cash and cash equivalents | C7: 75321 | D7: 72257 | E7: 0.042404196 | F7: 95710 | G7: -0.21302894 | I7: 38465 | J7: 37785.116 | L7: 16898 | M7: 229055 | N7: 179686 | O7: 152470 | P7: 134218 | Q7: 72257 | R7: 98502 | S7: 101959 | T7: 95710 | U7: 75321
A8: Investimentos de curto prazo | B8: Short-term investments | C8: 0 | D8: 0 | F8: 0 | I8: 298522 | J8: 52046.309 | L8: 89647 | M8: 300464 | N8: 284854 | O8: 152170 | P8: 0 | Q8: 0 | R8: 0 | S8: 0 | T8: 0 | U8: 0
A9: Contas a receber, líquidas | B9: Trade receivables, net | C9: 250661 | D9: 209538 | E9: 0.19625557 | F9: 237090.43 | G9: 0.057237939 | I9: 163719 | J9: 162581.3 | L9: 128865 | M9: 157986 | N9: 142971 | O9: 195943.78 | P9: 211040 | Q9: 209538 | R9: 224740 | S9: 220153 | T9: 237090.43 | U9: 250661
A10: Impostos a recuperar | B10: Recoverable taxes | C10: 19455 | D10: 57611 | E10: -0.66230407 | F10: 20401 | G10: -0.046370276 | I10: 49010 | J10: 22762.028 | L10: 60850 | M10: 62110 | N10: 62723 | O10: 64470 | P10: 64691 | Q10: 57611 | R10: 35643 | S10: 19763 | T10: 20401 | U10: 19455
A11: Instrumentos financeiros derivativos | B11: Derivative financial instruments | C11: 123 | D11: 0 | E11: n.a. | F11: 0 | G11: n.a. | I11: 6480 | J11: 8088.1415 | L11: 1772 | M11: 1724 | N11: 584 | O11: 0 | P11: 0 | Q11: 0 | R11: 0 | S11: 0 | T11: 0 | U11: 123
A12: Estoques | B12: Inventories | C12: 207045 | D12: 284649 | E12: -0.2726305 | F12: 208119 | G12: -0.0051605091 | I12: 259361 | J12: 138779.77 | L12: 286160 | M12: 302464 | N12: 251135 | O12: 310034 | P12: 289845 | Q12: 284649 | R12: 228818 | S12: 179428 | T12: 208119 | U12: 207045
A13: Adiantamentos a fornecedores | B13: Advances to suppliers | C13: 23082 | D13: 19662 | E13: 0.17393958 | F13: 22634 | G13: 0.019793231 | I13: 73721 | J13: 34927.164 | L13: 116289 | M13: 47748 | N13: 68892 | O13: 53104 | P13: 16675 | Q13: 19662 | R13: 24718 | S13: 21410 | T13: 22634 | U13: 23082
A14: Despesas Antecipadas | B14: Prepaid Expenses | C14: 314 | D14: 1160 | E14: -0.72931034 | F14: 349 | G14: -0.10028653 | I14: 1113 | J14: 182.53534 | L14: 769 | M14: 945 | N14: 1085 | O14: 927 | P14: 1696 | Q14: 1160 | R14: 786 | S14: 506 | T14: 349 | U14: 314
A15: Total do Ativo Circulante | B15: Total Current Assets | C15: 576001 | D15: 644877 | E15: -0.10680486 | F15: 584303.43 | G15: -0.014209111 | I15: 890391 | J15: 457152.37 | L15: 701250 | M15: 1102496 | N15: 991930 | O15: 929118.78 | P15: 718165 | Q15: 644877 | R15: 613207 | S15: 543219 | T15: 584303.43 | U15: 576001
A17: Ativo Não Circulante | B17: Non-Current Assets
A18: Contas a receber, líquidas | B18: Trade receivables, net | C18: 260145 | D18: 174217 | E18: 0.49322397 | F18: 233023 | G18: 0.11639194 | I18: 95691 | J18: 43590.211 | L18: 109242 | M18: 118213 | N18: 146443 | O18: 155312 | P18: 160272 | Q18: 174217 | R18: 191519 | S18: 209818 | T18: 233023 | U18: 260145
A19: Depósitos Judiciais | B19: Judicial Deposits | C19: 109 | D19: 109 | E19: 0 | F19: 109 | G19: 0 | I19: 109 | J19: 0 | L19: 109 | M19: 109 | N19: 109 | O19: 109 | P19: 109 | Q19: 109 | R19: 109 | S19: 109 | T19: 109.50495 | U19: 109
A20: Instrumentos financeiros derivativos | B20: Derivative financial instruments | C20: 18 | D20: 0 | E20: n.a. | F20: 0 | G20: n.a. | I20: 9091 | J20: 6122.2256 | L20: 0 | M20: 1085 | N20: 1085 | O20: 581 | P20: 10 | Q20: 0 | R20: 0 | S20: 0 | T20: 0 | U20: 18
A21: Impostos a recuperar | B21: Recoverable taxes | C21: 30927 | D21: 0 | E21: n.a. | F21: 39962 | G21: -0.22608979 | R21: 22590 | S21: 34259 | T21: 39962 | U21: 30927
A22: Impostos diferidos | B22: Deferred taxes | C22: 35045 | D22: 28342 | E22: 0.23650413 | F22: 33793 | G22: 0.037049093 | I22: 17496 | J22: 15231.143 | L22: 21388 | M22: 25243 | N22: 27785 | O22: 26635 | P22: 28170 | Q22: 28342 | R22: 28927 | S22: 32861 | T22: 33793.604 | U22: 35045
A23: Ativo de direito de uso | B23: Right-of-use assets | C23: 11785 | D23: 4039 | E23: 1.9178014 | F23: 11061 | G23: 0.065455203 | I23: 3001 | J23: 5312.8543 | L23: 4399 | M23: 2999 | N23: 2342 | O23: 1832 | P23: 4383 | Q23: 4039 | R23: 5063 | S23: 11517 | T23: 11061 | U23: 11785
A24: Imobilizado, líquido | B24: Property, plant and equipment, net | C24: 394376 | D24: 435489 | E24: -0.094406518 | F24: 400664 | G24: -0.015693948 | I24: 419205 | J24: 345929.6 | L24: 417830 | M24: 418709 | N24: 445610 | O24: 444839 | P24: 449424 | Q24: 435489 | R24: 423445 | S24: 412858 | T24: 400664 | U24: 394376
A25: Intangível, líquido | B25: Net intangible assets | C25: 105809 | D25: 105389 | E25: 0.0039852357 | F25: 103601.5 | G25: 0.021307607 | I25: 56852 | J25: 37971.537 | L25: 59704 | M25: 61509 | N25: 77304 | O25: 80196 | P25: 107283 | Q25: 105389 | R25: 104218 | S25: 108410 | T25: 103601.81 | U25: 105809
A26: Total do Ativo Não Circulante | B26: Total Non-Current Assets | C26: 838214 | D26: 747585 | E26: 0.12122902 | F26: 822213.5 | G26: 0.019460274 | I26: 601445 | J26: 454157.57 | L26: 612672 | M26: 627867 | N26: 700678 | O26: 709504 | P26: 749651 | Q26: 747585 | R26: 775871 | S26: 809832 | T26: 822214.92 | U26: 838214
A27: Total do Ativo | B27: Total Assets | C27: 1414215 | D27: 1392462 | E27: 0.01562197 | F27: 1406516.9 | G27: 0.0054731425 | I27: 1491836 | J27: 911309.94 | L27: 1313922 | M27: 1730363 | N27: 1692608 | O27: 1638622.8 | P27: 1467816 | Q27: 1392462 | R27: 1389078 | S27: 1353051 | T27: 1406518.4 | U27: 1414215
A29: Passivo | B29: Liabilities
A30: Passivo Circulante | B30: Current Liabilities
A31: Fornecedores | B31: Suppliers | C31: 114329 | D31: 79611 | E31: 0.43609551 | F31: 127606 | G31: -0.10404683 | I31: 199444 | J31: 149073.93 | L31: 111224 | M31: 95075 | N31: 90787 | O31: 142111.78 | P31: 86377 | Q31: 79611 | R31: 68640 | S31: 96099 | T31: 127608.61 | U31: 114329
A32: Pessoal, encargos e benefícios sociais | B32: Personnel, social charges and benefits | C32: 6560 | D32: 7158 | E32: -0.083542889 | F32: 5278 | G32: 0.24289504 | I32: 8318 | J32: 24268.73 | L32: 6201 | M32: 5693 | N32: 6372 | O32: 4825 | P32: 5368 | Q32: 7158 | R32: 7003 | S32: 3734 | T32: 5278 | U32: 6560
A33: Impostos a recolher | B33: Taxes payable | C33: 12749 | D33: 4961 | E33: 1.5698448 | F33: 12886 | G33: -0.010631693 | I33: 2050 | J33: 8906.5306 | L33: 4331 | M33: 12041 | N33: 11490 | O33: 6435 | P33: 2282 | Q33: 4961 | R33: 6312 | S33: 5444 | T33: 12886.631 | U33: 12749
A34: Empréstimos, financiamentos e debêntures | B34: Loans, financing, and debentures | C34: 66059 | D34: 110417 | E34: -0.40173162 | F34: 69141 | G34: -0.044575577 | I34: 326680 | J34: 195861.01 | L34: 281967 | M34: 277821 | N34: 280853 | O34: 218820 | P34: 150526 | Q34: 110417 | R34: 112204 | S34: 63633 | T34: 69141 | U34: 66059
A35: Duplicatas descontadas | C35: 0 | D35: 0 | F35: 0 | I35: 0 | J35: 0 | L35: 0 | M35: 0 | N35: 0 | O35: 0 | P35: 0 | Q35: 0 | R35: 0 | T35: 0 | U35: 0
A36: Dividendos a pagar | B36: Dividends payable | C36: 0 | D36: 0 | F36: 0 | I36: 11252 | J36: 15006.112 | L36: 11252 | M36: 0 | N36: 0 | O36: 862 | P36: 862 | Q36: 0 | R36: 0 | S36: 0 | T36: 0 | U36: 0
A37: Instrumentos financeiros derivativos | B37: Derivative financial instruments | C37: 327 | D37: 7479 | E37: -0.95627758 | F37: 2457 | G37: -0.86691087 | I37: 7175 | J37: 0 | L37: 14783 | M37: 10757 | N37: 9120 | O37: 7674 | P37: 7739 | Q37: 7479 | R37: 4725 | S37: 4698 | T37: 2457 | U37: 327
A38: Arrendamentos mercantis | B38: Lease Liabilities | C38: 3970 | D38: 1336 | E38: 1.9715569 | F38: 3568 | G38: 0.11266816 | I38: 2228 | J38: 2650.3225 | L38: 2577 | M38: 1743 | N38: 1284 | O38: 969 | P38: 1316 | Q38: 1336 | R38: 1294 | S38: 2650 | T38: 3568 | U38: 3970
A39: Partes relacionadas | B39: Related Parts | C39: 5 | D39: 28 | E39: -0.82142857 | F39: 9 | G39: -0.44444444 | I39: 232 | J39: 309.40474 | L39: 192 | M39: 158 | N39: 124 | O39: 125 | P39: 37 | Q39: 28 | R39: 22 | S39: 16 | T39: 9 | U39: 5
A40: Outras obrigações | B40: Other liabilities | C40: 22324 | D40: 13116 | E40: 0.70204331 | F40: 25157 | G40: -0.11261279 | I40: 33488 | J40: 68085.894 | L40: 20276 | M40: 17769 | N40: 17955 | O40: 40149 | P40: 27716 | Q40: 13116 | R40: 23043 | S40: 22153 | T40: 25157 | U40: 22324
A41: Total do Passivo Circulante | B41: Total Current Liabilities | C41: 226323 | D41: 224106 | E41: 0.0098926401 | F41: 246102 | G41: -0.080369115 | I41: 591304 | J41: 448846.42 | L41: 452808 | M41: 421057 | N41: 417985 | O41: 421970.78 | P41: 282223 | Q41: 224106 | R41: 223243 | S41: 198427 | T41: 246105.24 | U41: 226323
A43: Passivo Não Circulante | B43: Non-Current Liabilities | L43: 0
A44: Empréstimos, financiamentos e debêntures | B44: Loans, financing, and debentures | C44: 528658 | D44: 519387 | E44: 0.017849888 | F44: 510938 | G44: 0.034681312 | I44: 269856 | J44: 328808.16 | L44: 224280 | M44: 667312 | N44: 624166 | O44: 567067 | P44: 541325 | Q44: 519387 | R44: 515255 | S44: 509913 | T44: 510938 | U44: 528658
A45: Instrumentos financeiros derivativos | B45: Derivative Financial Instruments | C45: 0 | D45: 2715 | E45: -1 | F45: 454 | G45: -1 | I45: 0 | J45: 0 | L45: 4293 | M45: 847 | N45: 1087 | O45: 507 | P45: 845 | Q45: 2715 | R45: 1444 | S45: 576 | T45: 454 | U45: 0
A46: Provisões para demandas judiciais | B46: Provisions for lawsuits | C46: 150 | D46: 385 | E46: -0.61038961 | F46: 147 | G46: 0.020408163 | I46: 362 | J46: 479.45549 | L46: 362 | M46: 362 | N46: 374 | O46: 378 | P46: 382 | Q46: 385 | R46: 388 | S46: 144 | T46: 147 | U46: 150
A47: Arrendamentos mercantis | B47: Leases | C47: 8706 | D47: 2790 | E47: 2.1204301 | F47: 8178 | G47: 0.064563463 | I47: 844 | J47: 2780.7626 | L47: 1866 | M47: 1285 | N47: 1096 | O47: 906 | P47: 3131 | Q47: 2790 | R47: 3865 | S47: 8880 | T47: 8178 | U47: 8706
A48: Total do Passivo Não Circulante | B48: Total Non-Current Liabilities | C48: 537514 | D48: 525277 | E48: 0.02329628 | F48: 519717 | G48: 0.034243636 | I48: 271062 | J48: 332505.41 | L48: 230801 | M48: 669806 | N48: 626723 | O48: 568858 | P48: 545683 | Q48: 525277 | R48: 520952 | S48: 519513 | T48: 519717 | U48: 537514
A49: Patrimônio líquido | B49: Equity
A50: Capital social | B50: Share capital | C50: 301397 | D50: 301397 | E50: 0 | F50: 301397 | G50: 0 | I50: 297591 | J50: 86666.474 | L50: 301397 | M50: 301397 | N50: 301397 | O50: 301397 | P50: 301397 | Q50: 301397 | R50: 301397 | S50: 301397 | T50: 301397 | U50: 301397
A51: Ações em tesouraria | B51: Treasury Stock | C51: -8536 | D51: -8536 | E51: 0 | F51: -8536 | G51: 0 | I51: 0 | J51: 0 | L51: 0 | M51: 0 | N51: -6749 | O51: -7044 | P51: -8439 | Q51: -8536 | R51: -8536 | S51: -8536 | T51: -8536 | U51: -8536
A52: Reservas de capital | B52: Capital reserves | C52: 236632 | D52: 236632 | E52: 0 | F52: 236632 | G52: 0 | I52: 236632 | J52: 10000.1 | L52: 236632 | M52: 236632 | N52: 236632 | O52: 236632 | P52: 236632 | Q52: 236632 | R52: 236632 | S52: 236632 | T52: 236632 | U52: 236632
A53: Reservas de lucro | B53: Retained earnings | C53: 104858 | D53: 116734 | E53: -0.10173557 | F53: 104858 | G53: 0 | I53: 94427 | J53: 33224.692 | L53: 94427 | M53: 94427 | N53: 94427 | O53: 116734 | P53: 116734 | Q53: 116734 | R53: 116734 | S53: 116734 | T53: 104858 | U53: 104858
A54: Lucro/Prejuízo acumulado | B54: Accumulated Loss/ Earnings | C54: 13041 | D54: -2879 | E54: -5.5296978 | F54: 4738 | G54: 1.7524272 | I54: 0 | J54: 0 | L54: -2094 | M54: 6465 | N54: 21672 | O54: 0 | P54: -6391 | Q54: -2879 | R54: -2024 | S54: -11876 | T54: 4738 | U54: 13041
A55: Outros resultados abrangentes | B55: Other Comprehensive Results | C55: 2986 | D55: -269 | E55: -12.100372 | F55: 1609 | G55: 0.85581106 | I55: 820.19133 | J55: 67.74445 | L55: -49 | M55: 579 | N55: 521 | O55: 75 | P55: -23 | Q55: -269 | R55: 680 | S55: 760 | T55: 1609 | U55: 2986
A56: Total do Patrimônio Líquido | B56: Total Equity | C56: 650378 | D56: 643079 | E56: 0.011350083 | F56: 640698 | G56: 0.015108522 | I56: 629470.19 | J56: 129959.01 | L56: 630313 | M56: 639500 | N56: 647900 | O56: 647794 | P56: 639910 | Q56: 643079 | R56: 644883 | S56: 635111 | T56: 640698 | U56: 650378
A57: Total do Passivo e Patrimônio Líquido | B57: Total Liabilities and Equity | C57: 1414215 | D57: 1392462 | E57: 0.01562197 | F57: 1406517 | G57: 0.0054730942 | I57: 1491836.2 | J57: 911309.94 | L57: 1313922 | M57: 1730363 | N57: 1692608 | O57: 1638622.8 | P57: 1467816 | Q57: 1392462 | R57: 1389078 | S57: 1353051 | T57: 1406520.2 | U57: 1414215
A59: Backlog de Receita Diferida | B59: Revenue Backlog (TaaS) | C59: 842384.04 | D59: 865897.29 | E59: -0.027154787 | F59: 853198.21 | G59: -0.012674873 | I59: 591856.47 | J59: 407264.8 | L59: 606810.12 | M59: 639902 | N59: 757947.65 | O59: 808345.74 | P59: 872059.86 | Q59: 865897.29 | R59: 873773.12 | S59: 874794.73 | T59: 853198.21 | U59: 842384.04

Sheet SCF
A2: Consolidated Statement of Cash Flows (In R$ thousand, except when indicated) | B2: Consolidated Statement of Cash Flows (In R$ thousand, except when indicated) | C2: ='Cons Statement'!C3 -> 2Q24 | D2: ='Cons Statement'!D3 -> 2Q23 | E2: ∆ % | F2: ='Cons Statement'!F3 -> 1Q24 | G2: ∆ % | H2: ∆ % | J2: 1Q22 | K2: 2Q22 | L2: 3Q22 | M2: 4Q22 | N2: 1Q23 | O2: 2Q23 | P2: 3Q23 | Q2: 4Q23 | R2: 1Q24 | S2: 2Q24
A4: Fluxo de Caixa das Atividades Operacionais | B4: Cash Flow From Operating Activities | H4: -0.072312988 | J4: -126366 | K4: 52445 | L4: 134029.9 | M4: 115846 | N4: 126366 | O4: 126366 | P4: 126366 | Q4: 83015 | R4: 44411 | S4: =S42 -> -8576
A5: Lucro líquido do período | B5: Net Income for the period | C5: 8303 | D5: 3512 | E5: 1.36418 | F5: 4738 | G5: 0.75242718 | H5: -12.522807 | J5: -2094 | K5: 6465 | L5: 21672 | M5: 23169 | N5: -6391 | O5: -2879 | P5: -2024 | Q5: -9852 | R5: 4738 | S5: 8303
Q6: 0
A7: Ajuste para conciliar o resultado do período com o caixa das atividades operacionais | B7: Adjustments to reconcile Income or loss for the period to cash from operating activities | C7: 75403 | D7: 77937 | E7: -0.03251344 | F7: 80212 | G7: -0.059953623 | H7: 0.097935244 | J7: 79097 | K7: 155886 | L7: 225072.9 | M7: 304462 | N7: 82894 | O7: 160831 | P7: 231929 | Q7: 78061 | R7: 80212 | S7: 75403
A8: Depreciação e amortização | B8: Depreciation and amortization | C8: 50663 | D8: 49037 | E8: 0.033158635 | F8: 50278 | G8: 0.0076574247 | H8: 0.016786034 | J8: 39504 | K8: 81438 | L8: 123787 | M8: 168507 | N8: 47065 | O8: 96102 | P8: 145250 | Q8: 49973 | R8: 50278 | S8: 50663
A9: Perda esperada com créditos de liquidação duvidosa | B9: Expected credit losses | C9: 1875 | D9: 3240 | E9: -0.4212963 | F9: 7185 | G9: -0.73903967 | H9: 94.669173 | J9: 6263 | K9: 15096 | L9: 20304 | M9: 27642 | N9: 4360 | O9: 7600 | P9: 7733 | Q9: 12724 | R9: 7185 | S9: 1875
A10: Provisão para obsolescência de estoques | B10: Provision for inventory obsolescence | C10: -3241 | D10: -1924 | E10: 0.68451143 | F10: -1918 | G10: 0.68978102 | H10: -0.8879645 | J10: 1839 | K10: 3533 | L10: 3235 | M10: 1846 | N10: 1583 | O10: -341 | P10: -2144 | Q10: -202 | R10: -1918 | S10: -3241
A11: Provisão para processos judiciais e outros, líquida | B11: Provision for legal and other proceedings, net | C11: 3 | D11: 3 | E11: 0 | F11: 3 | G11: 0 | H11: -82.333333 | J11: 0 | K11: 0 | L11: 12 | M11: 16 | N11: 4 | O11: 7 | P11: 10 | Q11: -244 | R11: 3 | S11: 3
A12: Marcação a mercado de derivativos | B12: Mark-to-market of derivatives | C12: -1604 | D12: 4673 | E12: -1.3432484 | F12: -367 | G12: 3.3705722 | H12: -2.8074745 | J12: 27724 | K12: 23105 | L12: 26171 | M12: 28397 | N12: 4285 | O12: 8958 | P12: 8075 | Q12: 1596 | R12: -367 | S12: -1604
B13: Equity result | C13: 0 | D13: 0 | F13: 21352 | J13: 6406 | K13: 29964 | L13: 65280 | M13: 100324 | N13: 26086 | O13: 46136 | P13: 71912 | Q13: 18323 | R13: 21352 | S13: 0
A14: Receita de aplicação financeira em investimentos de curto prazo | B14: Income from short-term investments | C14: 0 | D14: 0 | F14: 1822 | J14: -3579 | K14: -5366 | L14: -15697 | M14: -23618 | N14: 0 | O14: 0 | P14: 0 | Q14: 0 | R14: 1822 | S14: 0
A15: Despesas de juros e variação cambial | B15: Interest and foreign exchange variation expenses | C15: 23265 | D15: 20050 | E15: 0.16034913 | F15: 78 | G15: 0.089593481 | J15: 6406 | K15: 29964 | L15: 65280 | M15: 100324 | N15: 26086 | O15: 46136 | P15: 71912 | Q15: 18323 | R15: 78 | S15: 23265
A16: Despesas de ajuste a valor presente | B16: Expenses for adjustment to the present value | C16: 2668 | D16: 435 | E16: 5.1333333 | F16: 1822 | G16: 0.46432492 | H16: -0.28914494 | J16: 3922 | K16: 9895 | L16: 13788.901 | M16: 15069 | N16: 770 | O16: 1205 | P16: -205 | Q16: -2335 | R16: 1822 | S16: 2668
A17: Baixa de ativo imobilizado e intangível | B17: Write-off of property, plant and equipment and intangible assets | C17: 422 | D17: 2580 | E17: -0.83643411 | F17: 78 | G17: 4.4102564 | H17: 0.65602837 | J17: 97 | K17: 512 | L17: 1160 | M17: 1554 | N17: 269 | O17: 2849 | P17: 3468 | Q17: 292 | R17: 78 | S17: 422
A18: Despesas com remuneração baseada em ações | B18: Share-based compensation expenses | C18: 0 | D18: 0 | F18: 0 | H18: -0.52827141 | J18: 0 | K18: 0 | L18: 0 | M18: 0 | N18: 0 | O18: 0 | P18: 0 | Q18: 0 | R18: 0 | S18: 0
A19: Imposto de renda e contribuição social | B19: Income tax and social security contribution | C19: 2595 | D19: 0 | F19: 2704 | G19: -0.040310651 | J19: 771 | K19: 5414 | L19: -2714 | M19: -6187 | N19: 0 | O19: 0 | P19: 76 | Q19: 2000 | R19: 2704 | S19: 2595
A20: Impostos de renda e contrinuição social diferidos | B20: Deferred income tax and social contribution | C20: -1243 | D20: -157 | E20: 6.9171975 | F20: -925 | G20: 0.34378378 | H20: 25.315789 | J20: -3850 | K20: -7705 | L20: -10254 | M20: -9088 | N20: -1528 | O20: -1685 | P20: -2246 | Q20: -4066 | R20: -925 | S20: -1243
H21: 6.2477718 | Q21: 0
A22: Redução (aumento) dos ativos | B22: Assets decrease (increase) | C22: -36136 | D22: -5202 | E22: 5.946559 | F22: -78000 | G22: -0.53671795 | J22: -89422 | K22: -74543 | L22: -73752 | M22: -194858.78 | N22: 30547 | O22: 25345 | P22: 47329 | Q22: 32963.78 | R22: -78000 | S22: -36136
A23: Contas a receber | B23: Trade receivables | C23: -50149 | D23: -16137 | E23: 2.1077028 | F23: -44342 | G23: 0.13095936 | J23: 11093 | K23: -41107 | L23: -63717 | M23: -134967.78 | N23: -24812 | O23: -40949 | P23: -71716 | Q23: -23996.22 | R23: -44342 | S23: -50149
A24: Imposto de renda e contribuição social compensáveis | B24: Compensatable Income Tax and Social Contribution | C24: 0 | D24: 0 | F24: 0 | J24: 0 | K24: 0 | L24: 0 | M24: 0 | N24: 0 | O24: 0 | P24: 0 | Q24: 0 | R24: 0 | S24: 0
A25: Impostos a recuperar | B25: Recoverable taxes | C25: 9981 | D25: 7080 | E25: 0.40974576 | F25: -6341 | G25: -2.5740419 | J25: -11840 | K25: -13100 | L25: -13713 | M25: -15460 | N25: -221 | O25: 6859 | P25: 6237 | Q25: 4211 | R25: -6341 | S25: 9981
A26: Estoques | B26: Inventories | C26: 5164 | D26: 6565 | E26: -0.21340442 | F26: -26373 | G26: -1.1958063 | J26: -31182 | K26: -44089 | L26: 9224 | M26: -49603 | N26: 19271 | O26: 25836 | P26: 83787 | Q26: 49424 | R26: -26373 | S26: 5164
A27: Adiantamentos a fornecedores e depósitos judiciais | B27: Advances to suppliers and legal deposits | C27: 142 | D27: -3246 | E27: -1.0437461 | F27: -1101 | G27: -1.1289737 | J27: -55813 | K27: 23585 | L27: 3663 | M27: 17387 | N27: 37078 | O27: 33832 | P27: 28880 | Q27: 3045 | R27: -1101 | S27: 142
A28: Despesas antecipadas | B28: Prepaid expenses | C28: -1274 | D28: 536 | E28: -3.3768657 | F28: 157 | G28: -9.1146497 | J28: 344 | K28: 168 | L28: 28 | M28: 186 | N28: -769 | O28: -233 | P28: 141 | Q28: 280 | R28: 157 | S28: -1274
A29: Outros créditos | B29: Other Credits | C29: 0 | D29: 0 | F29: 0 | J29: 0 | K29: 0 | L29: 0 | M29: 0 | N29: 0 | O29: 0 | P29: 0 | Q29: 0 | R29: 0 | S29: 0
A30: Liquidação de derivativos | B30: Derivatives Settlement | C30: 0 | D30: 0 | F30: 0 | J30: -2024 | K30: 0 | L30: -9237 | M30: -12401 | N30: 0 | O30: 0 | P30: 0 | Q30: 0 | R30: 0 | S30: 0
Q31: 0
A32: Aumento (redução) dos passivos | B32: Liabilities increase (decrease) | C32: -56146 | D32: -61778 | E32: -0.09116514 | F32: 37461 | G32: -2.4987854 | J32: -113947 | K32: -155815 | L32: -165329 | M32: -143292.22 | N32: -90160 | O32: -151938 | P32: -156389 | Q32: -18157.78 | R32: 37461 | S32: -56146
A33: Fornecedores | B33: Suppliers | C33: -18577 | D33: -4735 | E33: 2.9233369 | F33: 28900 | G33: -1.6428028 | J33: -85706 | K33: -116020 | L33: -122454 | M33: -71465.22 | N33: -57475 | O33: -62210 | P33: -74865 | Q33: 28628.22 | R33: 28900 | S33: -18577
A34: Impostos a recolher | B34: Taxes payable | C34: -531 | D34: 2664 | E34: -1.1993243 | F34: 4731 | G34: -1.1122384 | J34: 2439 | K34: 5662 | L34: 15016 | M34: 15034 | N34: -4160 | O34: -1496 | P34: -245 | Q34: -2737 | R34: 4731 | S34: -531
A35: Pessoal, encargos e benefícios sociais | B35: Personnel, social charges and benefits | C35: 1282 | D35: 1790 | E35: -0.28379888 | F35: 1544 | G35: -0.16968912 | J35: -2117 | K35: -2625 | L35: -1946 | M35: -3493 | N35: 543 | O35: 2333 | P35: 2178 | Q35: -3269 | R35: 1544 | S35: 1282
A36: Receita diferida | B36: Deferred revenue | C36: 0 | D36: 0 | F36: 0 | J36: -432 | K36: -437 | L36: -437 | M36: -437 | N36: 0 | O36: 0 | P36: 0 | Q36: 0 | R36: 0 | S36: 0
A37: Partes relacionadas | B37: Related parties | C37: -4 | D37: -9 | E37: -0.55555556 | F37: -7 | G37: -0.42857143 | J37: -40 | K37: -74 | L37: -108 | M37: -107 | N37: -88 | O37: -97 | P37: -103 | Q37: -6 | R37: -7 | S37: -4
A38: Outras obrigações | B38: Other liabilities | C38: -2833 | D38: -14600 | E38: -0.8059589 | F38: 3004 | G38: -1.9430759 | J38: -13841 | K38: -15719 | L38: -15533 | M38: 6661 | N38: -12433 | O38: -27033 | P38: -17106 | Q38: -890 | R38: 3004 | S38: -2833
A39: Pagamento de juros | B39: Payment of interest | C39: -33273 | D39: -46888 | E39: -0.2903728 | F39: -711 | G39: 45.797468 | J39: -13279 | K39: -25475 | L39: -36970 | M39: -84972 | N39: -16547 | O39: -63435 | P39: -66248 | Q39: -39884 | R39: -711 | S39: -33273
A40: Pagamento de imposto de renda e contribuição social | B40: Payment of income tax and social contribution | C40: -2210 | D40: 0 | F40: 0 | J40: -971 | K40: -1127 | L40: -2897 | M40: -4513 | N40: 0 | O40: 0 | P40: 0 | Q40: 0 | R40: 0 | S40: -2210
A41: Pagamento de processos judiciais e outros | B41: Payment of Lawsuits and Others | C41: 0 | D41: 0 | F41: 0 | J41: 0 | K41: 0 | L41: 0 | M41: 0 | N41: 0 | O41: 0 | P41: 0 | Q41: 0 | R41: 0 | S41: 0
A42: Caixa líquido gerado (aplicado) nas atividades operacionais | B42: Net cash generated by (used in) operating activities | C42: -8576 | D42: 14469 | E42: -1.5927155 | F42: 44411 | G42: -1.1931053 | J42: -126366 | K42: -68007 | L42: 7663.9007 | M42: -10520 | N42: 16890 | O42: 31359 | P42: 120845 | Q42: 83015 | R42: 44411 | S42: -8576
Q43: 0
A44: Fluxo de Caixa das Atividades de Investimentos | B44: Cash Flow From Investment Activities | C44: -46019 | D44: -35115 | E44: 0.31052257 | G44: 0.41819471 | Q44: -43691 | R44: -32449 | S44: -46019
A45: Mútuo ativo com partes relacionadas | B45: Active loan with related parties | C45: 0 | D45: 0 | J45: 0 | K45: 0 | L45: 0 | M45: 0 | N45: 0 | O45: 0 | P45: 0 | Q45: 0 | S45: 0
A46: Aquisição de ativo imobilizado e intangível | B46: Acquisition of property, plant and equipment and intangible assets | C46: -46019 | D46: -35115 | E46: 0.31052257 | F46: -32449 | G46: 0.41819471 | J46: -40355 | K46: -84642 | L46: -169788 | M46: -216513 | N46: -78339 | O46: -113454 | P46: -149656 | Q46: -149656 | R46: -32449 | S46: -46019
A47: Aumento de capital em investida | B47: Capital increase in investee | C47: 0 | D47: 0 | J47: 0 | K47: 0 | L47: 0 | M47: 0 | N47: 0 | O47: 0 | P47: 0 | Q47: 0 | S47: 0
A48: Aplicação em investimento de curto prazo | B48: Short-term investment application | C48: 0 | D48: 0 | J48: -164427 | K48: -464428 | L48: -668847 | M48: -863250 | N48: 0 | O48: 0 | P48: 0 | Q48: 0 | S48: 0
A49: Resgates dos investimentos de curto prazo | B49: Redemption of Short-term investments | C49: 0 | D49: 0 | F49: 0 | J49: 376881 | K49: 467852 | L49: 698212 | M49: 1033220 | N49: 152170 | O49: 152170 | P49: 152170 | Q49: 152170 | R49: 0 | S49: 0
A50: Caixa líquido gerado (aplicado) nas atividades de investimento: | B50: Net cash generated (applied) in investing activities: | C50: -46019 | D50: -35115 | E50: 0.31052257 | F50: -32449 | G50: 0.41819471 | J50: 172099 | K50: -81218 | L50: -140423 | M50: -46543 | N50: 73831 | O50: 38716 | P50: 2514 | Q50: 2514 | R50: -32449 | S50: -46019
Q51: 0
A52: Fluxo de Caixa das Atividades de Financiamento | B52: Cash flow from Financing Activities | C52: 32829 | D52: -41069 | E52: -1.799362 | F52: -19060 | G52: -2.7224029 | J52: -66431 | K52: 345970 | L52: 274279 | M52: 171813 | N52: -108875 | O52: -149944 | P52: -177932 | Q52: -35947 | R52: -19060 | S52: 32829
A53: Ingresso de novos empréstimos e debêntures | B53: Entry of new loans and debentures | C53: 50000 | D53: 0 | J53: 0 | K53: 488641 | L53: 488008 | M53: 488008 | N53: 0 | O53: 0 | P53: 0 | Q53: 0 | S53: 50000
A54: Operações com vendor | B54: Vendor Operations | C54: 3724 | D54: 0 | F54: 5888 | G54: -0.36752717 | P54: 13704 | Q54: 3123 | R54: 5888 | S54: 3724
A55: Custo captação | B55: Funding Cost | C55: 0 | D55: 0 | F55: 0 | J55: 0 | K55: 0 | L55: 0 | M55: 0 | N55: 0 | O55: 0 | P55: 0 | Q55: 0 | R55: 0 | S55: 0
A56: Pagamento de empréstimos e financiamentos (principal) | B56: Payment of loans and financing (principal) | C56: -18915 | D56: -36341 | E56: -0.4795135 | F56: -22559 | G56: -0.16153198 | J56: -69503 | K56: -133753 | L56: -197490 | M56: -299126 | N56: -103454 | O56: -139795 | P56: -177944 | Q56: -36186 | R56: -22559 | S56: -18915
A57: Pagamento de obrigações por arrendamento mercantil | B57: Payment of leasing obligations | C57: -859 | D57: -716 | E57: 0.19972067 | F57: -393 | G57: 1.1857506 | J57: -734 | K57: -1472 | L57: -2044 | M57: -2579 | N57: -715 | O57: -1431 | P57: -1832 | Q57: -393 | R57: -393 | S57: -859
A58: Liquidação de derivativos | B58: Derivatives Settlement | C58: -1121 | D58: -3053 | E58: -0.63282018 | F58: -1996 | G58: -0.43837675 | K58: -5914 | L58: 0 | M58: 0 | N58: -3311 | O58: -6364 | P58: -9506 | Q58: -2491 | R58: -1996 | S58: -1121
A59: Dividendos e juros sobre capital próprio pagos | B59: Dividends and interests on capital paid | C59: 0 | D59: -862 | E59: -1 | F59: 0 | J59: 0 | K59: -11252 | L59: -11252 | M59: -11252 | N59: 0 | O59: -862 | P59: -862 | Q59: 0 | R59: 0 | S59: 0
A60: Aumento de capital e reservas - IPO, líq. dos gastos com emissão | B60: Increase in capital and reserves - IPO, net of emission expenses | C60: 0 | D60: 0 | F60: 0 | J60: 3806 | K60: 3806 | L60: 3806 | M60: 3806 | N60: 0 | O60: 0 | P60: 0 | Q60: 0 | R60: 0 | S60: 0
A61: Aumento de reservas de capital | B61: Increase in Capital Reserves | C61: 0 | D61: 0 | F61: 0 | I61: 0 | J61: 0 | K61: 0 | L61: 0 | M61: 0 | N61: 0 | O61: 0 | P61: 0 | Q61: 0 | R61: 0 | S61: 0
A62: Recompra de ações | B62: Share Buyback | C62: 0 | D62: -97 | E62: -1 | F62: 0 | J62: 0 | K62: 0 | L62: -6749 | M62: -7044 | N62: -1395 | O62: -1492 | P62: -1492 | Q62: 0 | R62: 0 | S62: 0
A63: Caixa líquido gerado pelas nas atividades de financiamento | B63: Net cash resulting from financing activities | C63: 32829 | D63: -41069 | E63: -1.799362 | F63: -19060 | G63: -2.7224029 | J63: -66431 | K63: 340056 | L63: 274279 | M63: 171813 | N63: -108875 | O63: -149944 | P63: -177932 | Q63: -35947 | R63: -19060 | S63: 32829
A65: Efeito de Variação Cambial Sobre o Caixa e Equivalentes de Caixa | B65: Effect of Foreign Exchange Variation on Cash and Cash Equivalents | C65: 1377 | D65: -246 | E65: -6.597561 | F65: 849 | G65: 0.62190813 | J65: 0 | K65: -241 | L65: -299 | M65: -745 | N65: -98 | O65: -344 | P65: 605 | Q65: 80 | R65: 849 | S65: 1377
A67: Variação no Caixa Líquido da Companhia | B67: Change in the Company's Net Cash | C67: -20389 | D67: -61961 | E67: -0.67093817 | F67: -6249 | G67: 2.262762 | J67: -21567 | K67: 190590 | L67: 141220.9 | M67: 114005 | N67: -18252 | O67: -80213 | P67: -53968 | Q67: 3457 | R67: -6249 | S67: -20389
A69: Caixa e equivalentes de caixa no início do período | B69: Cash and cash equivalents at the beginning of the period | C69: 95710 | D69: 134218 | E69: -0.28690638 | F69: 101959 | G69: -0.061289342 | J69: 38465 | K69: 38465 | L69: 38465 | M69: 38465 | N69: 152470 | O69: 152470 | P69: 152470 | Q69: 98502 | R69: 101959 | S69: 95710
A70: Caixa e equivalentes de caixa no fim do período | B70: Cash and cash equivalents at the end of the period | C70: 75321 | D70: 72257 | E70: 0.042404196 | F70: 95710 | G70: -0.21302894 | J70: 16898 | K70: 229055 | L70: 179685.9 | M70: 152470 | N70: 134218 | O70: 72257 | P70: 98502 | Q70: 101959 | R70: 95710 | S70: 75321

Sheet Highlights
B2: Highlights (In R$ million, except when indicated) | C2: ='Cons Statement'!C3 -> 2Q24 | D2: ='Cons Statement'!D3 -> 2Q23 | E2: ∆ % | F2: ='Cons Statement'!F3 -> 1Q24 | G2: ∆ % | I2: 2024 YTD | J2: 2023 YTD | K2: ∆ % | M2: 1Q22 | N2: 2Q22 | O2: 3Q22 | P2: 4Q22 | Q2: 1Q23 | R2: 2Q23 | S2: 3Q23 | T2: 4Q23 | U2: 1Q24 | V2: 2Q24
A3: Destaques (R$ milhões, exceto quando indicado) | C3: 3T23 | D3: 3T22 | E3: ∆ % | F3: 2T23 | G3: ∆ % | H3: 1 | I3: 2023 Acum. | J3: 2022 Acum. | K3: ∆ % | M3: 1T22 | N3: 2T22 | O3: 3T22 | P3: 4T22 | Q3: 1T23 | R3: 2T23 | S3: 3T23
H4: 2
A5: Resultados Financeiros Consolidados | B5: Consolidated Financial Income | H5: 3
A6: Vendas Totais | B6: Total Sales | C6: 219.9563 | D6: 250.31418 | E6: -0.12127911 | F6: 224.6133 | G6: -0.020733415 | H6: 4 | I6: 444.56959 | J6: 607.88493 | K6: -0.26866159 | M6: 293.94476 | N6: 372.82288 | O6: 434.41932 | P6: 379.71541 | Q6: 357.57075 | R6: 250.31418 | S6: 273.97093 | T6: 270.11603 | U6: 224.6133 | V6: 219.9563
A7: Receita Líquida | B7: Net Revenue | C7: 193.11856 | D7: 219.73308 | E7: -0.12112208 | F7: 209.5404 | G7: -0.078370801 | H7: 5 | I7: 402.65896 | J7: 463.99337 | K7: -0.13218811 | M7: 241.19421 | N7: 284.31969 | O7: 267.90566 | P7: 277.48452 | Q7: 244.26028 | R7: 219.73308 | S7: 217.82278 | T7: 218.90179 | U7: 209.5404 | V7: 193.11856
H8: 6
A9: Lucro Bruto | B9: Gross Income | C9: 55.496243 | D9: 51.663021 | E9: 0.074196631 | F9: 54.130148 | G9: 0.025237231 | H9: 7 | I9: 109.62639 | J9: 101.77968 | K9: 0.077095043 | M9: 60.011288 | N9: 69.558489 | O9: 59.397517 | P9: 58.690344 | Q9: 50.116662 | R9: 51.663021 | S9: 47.81861 | T9: 38.663855 | U9: 54.130148 | V9: 55.496243
A10: Margem Bruta (% Receita Líquida) | B10: Gross Margin (% Net Revenue) | C10: 0.28736878 | D10: 0.23511717 | E10: 5.2 | F10: 0.25832797 | G10: 2.9 | H10: 8 | I10: 0.27225618 | J10: 0.2193559 | K10: 5.3 | M10: 0.24880899 | N10: 0.24464886 | O10: 0.22171057 | P10: 0.21150853 | Q10: 0.20517728 | R10: 0.23511717 | S10: 0.21952989 | T10: 0.17662649 | U10: 0.25832797 | V10: 0.28736878
H11: 9
A12: EBITDA Ajustado | B12: Adjusted EBITDA | C12: 74.698635 | D12: 68.564464 | E12: 0.089465747 | F12: 68.185617 | G12: 0.095518938 | H12: 10 | I12: 142.88425 | J12: 126.03693 | K12: 0.13366977 | M12: 65.307874 | N12: 67.389071 | O12: 62.654238 | P12: 62.098288 | Q12: 57.472462 | R12: 68.564464 | S12: 60.33573 | T12: 45.235301 | U12: 68.185617 | V12: 74.698635
A13: Margem EBITDA Ajustada (% Receita Líquida) | B13: Adjusted EBITDA Margin (% Net Revenue) | C13: 0.38680195 | D13: 0.31203523 | E13: 7.5 | F13: 0.32540558 | G13: 6.1 | H13: 11 | I13: 0.35485179 | J13: 0.27163519 | K13: 8.3 | M13: 0.27076883 | N13: 0.23701866 | O13: 0.2338668 | P13: 0.2237901 | Q13: 0.23529188 | R13: 0.31203523 | S13: 0.27699458 | T13: 0.20664656 | U13: 0.32540558 | V13: 0.38680195
H14: 12
A15: Lucro Líquido Ajustado | B15: Adjusted Net Income | C15: 8.3614855 | D15: 3.5117238 | E15: 1.3810202 | F15: 4.7379886 | G15: 0.76477535 | H15: 13 | I15: 13.099474 | J15: -2.8790321 | K15: -5.5499576 | M15: -2.0934818 | N15: 8.5582976 | O15: 2.2121882 | P15: 1.5766539 | Q15: -6.390756 | R15: 3.5117238 | S15: 0.8553966 | T15: -9.8518934 | U15: 4.7379886 | V15: 8.3614855
A16: Margem Líquida Ajustada (% Receita Líquida) | B16: Adjusted Net Margin (% Net Revenue) | C16: 0.043297163 | D16: 0.015981771 | E16: 2.7 | F16: 0.022611337 | G16: 2.1 | H16: 14 | I16: 0.032532429 | J16: -0.0062048993 | K16: 3.9 | M16: -0.0086796522 | N16: 0.030100967 | O16: 0.0082573404 | P16: 0.0056819526 | Q16: -0.026163713 | R16: 0.015981771 | S16: 0.0038928894 | T16: -0.044835731 | U16: 0.022611337 | V16: 0.043297163
H17: 15
A18: Principais Indicadores Financeiros | B18: Main Financial Indicators | H18: 16
A19: Backlog de Receita Diferida | B19: Deferred Revenue Backlog | C19: 842.38404 | D19: 865.89729 | E19: -0.027154787 | F19: 853.19821 | G19: -0.012674873 | H19: 17 | I19: 842.38404 | J19: 865.89729 | K19: -0.027154787 | M19: 606.81012 | N19: 639.902 | O19: 757.94765 | P19: 808.34574 | Q19: 872.05986 | R19: 865.89729 | S19: 873.77312 | T19: 874.79473 | U19: 853.19821 | V19: 842.38404
A20: Investimento em Imobilizados para Locação (CAPEX TaaS) | B20: Investment in Property, Plant and Equipment for Lease (CAPEX TaaS) | C20: 44.048 | D20: 34.968 | E20: 0.25966598 | F20: 31.213 | G20: 0.41120687 | H20: 18 | I20: 75.261 | J20: 113.199 | K20: -0.3351443 | M20: 40.206 | N20: 42.755 | O20: 85.062 | P20: 46.707 | Q20: 78.231 | R20: 34.968 | S20: 36.186 | T20: 42.665 | U20: 31.213 | V20: 44.048
A21: Dívida Líquida / EBITDA UDM Ajustado (x) | B21: Net Debt / Adjusted LTM EBITDA (x) | C21: 2.1422688 | D21: 2.2802674 | E21: -0.060518586 | F21: 2.0593583 | G21: 0.040260341 | H21: 19 | I21: 2.1422688 | J21: 2.2802674 | K21: -0.060518586 | M21: 1.4819293 | N21: 1.5087559 | O21: 1.668853 | P21: 1.9060905 | Q21: 2.2861453 | R21: 2.2802674 | S21: 2.1744394 | T21: 2.108697 | U21: 2.0593583 | V21: 2.1422688
A22: ROIC (%) | C22: #N/A | D22: #REF! | E22: #N/A | F22: #N/A | G22: #N/A | H22: 20 | U22: #N/A
H23: 21
A24: Principais Indicadores Operacionais | B24: Main Operating Indicators | H24: 22
A25: % Produzidos Internamente (% Vendas Totais) | B25: % Produced Internally (% Total Sales) | C25: 0.44522506 | D25: 0.46883838 | E25: -2.3613327 | F25: 0.42880418 | G25: 1.6420879 | H25: 23 | I25: 0.43718713 | J25: 0.46883838 | K25: -3.2 | M25: 0.61579193 | N25: 0.61350937 | O25: 0.56843021 | P25: 0.564486 | Q25: 0.51924783 | R25: 0.46883838 | S25: 0.49219645 | T25: 0.46675291 | U25: 0.42880418 | V25: 0.44522506
A26: % TaaS (% Vendas Totais) | B26: % TaaS (% Total Sales) | C26: 0.38876503 | D26: 0.31730574 | E26: 7.1459293 | F26: 0.30832669 | G26: 8.0438341 | H26: 24 | I26: 0.34812455 | J26: 0.37542904 | K26: -2.7 | M26: 0.29061189 | N26: 0.28144209 | O26: 0.44763386 | P26: 0.34451794 | Q26: 0.41611774 | R26: 0.31730574 | S26: 0.35416879 | T26: 0.32986768 | U26: 0.30832669 | V26: 0.38876503
A27: % TaaS (% Receita Bruta) | B27: % TaaS (% Gross Revenue) | C27: 0.39975136 | D27: 0.3281016 | E27: 7.1649753 | F27: 0.35806351 | G27: 4.1687845 | H27: 25 | I27: 0.37810078 | J27: 0.30524966 | K27: 7.3 | M27: 0.25288327 | N27: 0.20895083 | O27: 0.23394372 | P27: 0.24052312 | Q27: 0.28535511 | R27: 0.3281016 | S27: 0.31785446 | T27: 0.32208936 | U27: 0.35806351 | V27: 0.39975136
A28: Prazo Novos Contatos TaaS (média em meses) | B28: New TaaS Agreements' (sic) Term (average in months) | C28: 47.051033 | D28: 49.367613 | E28: -0.046925099 | F28: 49.509288 | G28: -0.0496524 | H28: 26 | I28: 48.144034 | J28: 52.569225 | K28: -0.084178371 | M28: 50.79203 | N28: 51.467754 | O28: 54.631586 | P28: 54.641751 | Q28: 54.215142 | R28: 49.367613 | S28: 51.624411 | T28: 48.263441 | U28: 49.509288 | V28: 47.051033
A29: Quantidade Novos Contratos TaaS | B29: Quantity of New TaaS Agreements | C29: 397 | D29: 298 | E29: 0.33221477 | F29: 309 | G29: 0.28478964 | H29: 27 | I29: 706 | J29: 648 | K29: 0.089506173 | M29: 249 | N29: 346 | O29: 340 | P29: 279 | Q29: 350 | R29: 298 | S29: 347 | T29: 331 | U29: 309 | V29: 397
A30: Valor Novos Contratos TaaS (média R$ mil/contrato) | B30: New TaaS Agreements' Value (average R$ thousand/agreement) | C30: 215.39374 | D30: 266.53062 | E30: -0.19186117 | F30: 224.12387 | G30: -0.038952218 | H30: 28 | I30: 219.21472 | J30: 352.18774 | K30: -0.37756289 | M30: 343.06763 | N30: 303.26026 | O30: 571.94353 | P30: 468.88449 | Q30: 425.11866 | R30: 266.53062 | S30: 279.63099 | T30: 269.19198 | U30: 224.12387 | V30: 215.39374
H31: 29
A32: TaaS | H32: 30
A34: Indicators | B34: Indicators | C34: =C2 -> 2Q24 | D34: =D2 -> 2Q23 | E34: =E2 -> ∆ % | F34: =F2 -> 1Q24 | G34: =G2 -> ∆ % | H34: 32 | I34: =I2 -> 2024 YTD | J34: =J2 -> 2023 YTD | K34: =K2 -> ∆ % | M34: =M2 -> 1Q22 | N34: =N2 -> 2Q22 | O34: =O2 -> 3Q22 | P34: =P2 -> 4Q22 | Q34: =Q2 -> 1Q23 | R34: =R2 -> 2Q23 | S34: =S2 -> 3Q23 | T34: 4Q23 | U34: =U2 -> 1Q24 | V34: =V2 -> 2Q24
H35: 33
A36: % TaaS | B36: % TaaS | H36: 34
A37: TaaS (VGV) / Vendas Totais | B37: TaaS (VGV) / Total Sales | C37: 0.30832669 | D37: 0.41611774 | E37: -10,8 p.p | F37: 0.32986768 | G37: -2,2 p.p | H37: 35 | I37: 0.30832669 | J37: 0.41611774 | K37: -10.8 | M37: 0.29061189 | N37: 0.28144209 | O37: 0.44763386 | P37: 0.34451794 | Q37: 0.41611774 | R37: 0.31730574 | S37: 0.35416879 | T37: 0.32986768 | U37: 0.30832669 | V37: 0.38876503
A38: Receita Bruta Locação / Receita Bruta | B38: Gross Lease Revenue / Gross Revenue | C38: 0.35806351 | D38: 0.28535511 | E38: 7,3 p.p | F38: 0.32208936 | G38: 3,6 p.p | H38: 36 | I38: 0.35806351 | J38: 0.28535511 | K38: 7.3 | M38: 0.25288327 | N38: 0.20895083 | O38: 0.23394372 | P38: 0.24052312 | Q38: 0.28535511 | R38: 0.3281016 | S38: 0.31785446 | T38: 0.32208936 | U38: 0.35806351 | V38: 0.39975136
H39: 37
A40: % TaaS Telecom | B40: % TaaS Telecom | H40: 38
A41: TaaS (VGV) / Vendas Totais | B41: TaaS (VGV) / Total Sales | C41: 0.42304739 | D41: 0.60760877 | E41: -18,5 p.p | F41: 0.47198511 | G41: -4,9 p.p | H41: 39 | I41: 0.42304739 | J41: 0.60760877 | K41: -18.5 | M41: 0.56093126 | N41: 0.50384878 | O41: 0.67336763 | P41: 0.54624144 | Q41: 0.60760877 | R41: 0.46092215 | S41: 0.39538245 | T41: 0.47198511 | U41: 0.42304739 | V41: 0.48216874
A42: Receita Bruta Locação / Receita Bruta | B42: Gross Lease Revenue / Gross Revenue | C42: 0.56068585 | D42: 0.4605213 | E42: 10 p.p | F42: 0.48505573 | G42: 7,6 p.p | H42: 40 | I42: 0.56068585 | J42: 0.4605213 | K42: 10 | M42: 0.49284587 | N42: 0.42257809 | O42: 0.42849202 | P42: 0.43074633 | Q42: 0.4605213 | R42: 0.48657337 | S42: 0.49915566 | T42: 0.48505573 | U42: 0.56068585 | V42: 0.51558464
H43: 41
A44: % TaaS Enterprise | B44: % TaaS Enterprise | H44: 42
A45: TaaS (VGV) / Vendas Totais | B45: TaaS (VGV) / Total Sales | C45: 0.28765881 | D45: 0.28515186 | E45: 0,3 p.p | F45: 0.26407011 | G45: 2,4 p.p | H45: 43 | I45: 0.28765881 | J45: 0.28515186 | K45: 0.3 | M45: 0.13207188 | N45: 0.20013978 | O45: 0.26156469 | P45: 0.24683549 | Q45: 0.28515186 | R45: 0.23515104 | S45: 0.35778347 | T45: 0.26407011 | U45: 0.28765881 | V45: 0.3032343
A46: Receita Bruta Locação / Receita Bruta | B46: Gross Lease Revenue / Gross Revenue | C46: 0.18825937 | D46: 0.19909564 | E46: -1,1 p.p | F46: 0.19433987 | G46: -0,6 p.p | H46: 44 | I46: 0.18825937 | J46: 0.19909564 | K46: -1.1 | M46: 0.18642609 | N46: 0.13727174 | O46: 0.17120301 | P46: 0.16593098 | Q46: 0.19909564 | R46: 0.2063616 | S46: 0.16440476 | T46: 0.19433987 | U46: 0.18825937 | V46: 0.2507842
H47: 45
A48: % TaaS Solar | B48: % TaaS Solar | H48: 46
A49: TaaS (VGV) / Vendas Totais | B49: TaaS (VGV) / Total Sales | C49: 0 | D49: 0.038898951 | E49: -3,9 p.p | F49: 0.00014487122 | G49: 0 p.p | H49: 47 | I49: 0 | J49: 0.038898951 | K49: -3.9 | M49: 0.010204453 | N49: 0.041237415 | O49: 0.07346597 | P49: 0.062861726 | Q49: 0.038898951 | R49: 0.026094974 | S49: 0.25103763 | T49: 0.00014487122 | U49: 0 | V49: 0.046882135
A50: Receita Bruta Locação / Receita Bruta | B50: Gross Lease Revenue / Gross Revenue | C50: 0.062707956 | D50: 0.016980188 | E50: 4,6 p.p | F50: 0.044085977 | G50: 1,9 p.p | H50: 48 | I50: 0.062707956 | J50: 0.016980188 | K50: 4.6 | M50: 0.00070395266 | N50: 0.0019832832 | O50: 0.0065398772 | P50: 0.011292401 | Q50: 0.016980188 | R50: 0.029537195 | S50: 0.043597595 | T50: 0.044085977 | U50: 0.062707956 | V50: 0.12316963

Sheet ROIC
B2: ROIC (In R$ million, except when indicated) | C2: ='Cons Statement'!C3 -> 2Q24 | D2: ='Cons Statement'!D3 -> 2Q23 | E2: ∆ % | F2: ='Cons Statement'!F3 -> 1Q24 | G2: ∆ % | I2: 1Q22 | J2: 2Q22 | K2: 3Q22 | L2: 4Q22 | M2: 1Q23 | N2: 2Q23 | O2: 3Q23 | P2: 4Q23 | Q2: 1Q24 | R2: 2Q24
A3: ROIC (R$ milhões, exceto quando indicado) | C3: 3T23 | D3: 3T22 | E3: ∆ % | F3: 2T23 | G3: ∆ % | I3: 1T22 | J3: 2T22 | K3: 3T22 | L3: 4T22 | M3: 1T23 | N3: 2T23 | O3: 3T23 | P3: 4T23
A5: Receita Líquida | B5: Net Revenue | C5: 193.11856 | D5: 219.73308 | E5: -0.12112208 | F5: 209.5404 | G5: -0.078370801 | I5: 241.19421 | J5: 284.31969 | K5: 267.90566 | L5: 277.48452 | M5: 244.26028 | N5: 219.73308 | O5: 217.82278 | P5: 218.90179 | Q5: 209.5404 | R5: 193.11856
A7: EBIT (UDM) | B7: EBIT (LTM) | C7: 48.303339 | D7: 67.466349 | E7: -0.28403804 | F7: 43.886516 | G7: 0.10064193 | I7: 134.20001 | J7: 122.35383 | K7: 108.63913 | L7: 88.791546 | M7: 73.395032 | N7: 67.466349 | O7: 58.381889 | P7: 36.384572 | Q7: 43.886516 | R7: 48.303339
A9: (-) Provisão para IR e CSLL (UDM) | B9: (-) Provision for IR and CSLL (LTM) | C9: -0.58047778 | D9: 14.667679 | E9: -1.0395753 | F9: 0.92862725 | G9: -1.6250923 | I9: -16.747693 | J9: -7.1059704 | K9: 11.670935 | L9: 15.273152 | M9: 13.787938 | N9: 14.667679 | O9: 4.4756894 | P9: 4.236243 | Q9: 0.92862725 | R9: -0.58047778
A10: Lucro Operacional depois de impostos (NOPAT) = (A) | B10: Operating Income after Taxes (NOPAT) = (A) | C10: 47.722861 | D10: 82.134027 | E10: -0.41896358 | F10: 44.815143 | G10: 0.064882501 | I10: 117.45231 | J10: 115.24786 | K10: 120.31006 | L10: 104.0647 | M10: 87.182971 | N10: 82.134027 | O10: 62.857578 | P10: 40.620815 | Q10: 44.815143 | R10: 47.722861
A12: (+) Patrimônio Líquido | B12: (+) Equity | C12: 650.378 | D12: 643.079 | E12: 0.011350083 | F12: 640.698 | G12: 0.015108522 | I12: 630.313 | J12: 639.5 | K12: 647.9 | L12: 647.794 | M12: 639.91 | N12: 643.079 | O12: 644.883 | P12: 635.111 | Q12: 640.698 | R12: 650.378
A13: (+) Dívida Bruta | B13: (+) Gross Debt | C13: 607.579 | D13: 644.124 | E13: -0.05673597 | F13: 594.736 | G13: 0.021594455 | I13: 527.994 | J13: 956.956 | K13: 915.937 | L13: 795.362 | M13: 704.872 | N13: 644.124 | O13: 638.787 | P13: 590.35 | Q13: 594.736 | R13: 607.579
A14: (+) Disponibilidades (Caixa e Equiv.) e Investimentos de CP | B14: (+) Cash (Cash and Equiv.) and CP Investments | C14: -75.321 | D14: -72.257 | E14: 0.042404196 | F14: -95.71 | G14: -0.21302894 | I14: -106.545 | J14: -529.519 | K14: -464.54 | L14: -304.64 | M14: -134.218 | N14: -72.257 | O14: -98.502 | P14: -101.959 | Q14: -95.71 | R14: -75.321
A15: Capital Investido | B15: Invested Capital | C15: 1182.636 | D15: 1214.946 | E15: -0.026593775 | F15: 1139.724 | G15: 0.037651221 | I15: 1051.762 | J15: 1066.937 | K15: 1099.297 | L15: 1138.516 | M15: 1210.564 | N15: 1214.946 | O15: 1185.168 | P15: 1123.502 | Q15: 1139.724 | R15: 1182.636
A17: Capital Investido Média 2023 e 2022 = (B) | B17: Average Invested Capital of 2022 and 2021 = (B) | C17: 1153.069 | D17: 1176.731 | E17: -0.020108249 | F17: 1131.613 | G17: 0.018960546 | I17: 855.47 | J17: 931.552 | K17: 969.61662 | L17: 1009.5696 | M17: 1174.54 | N17: 1176.731 | O17: 1161.842 | P17: 1131.009 | Q17: 1131.613 | R17: 1153.069
A19: ROIC = (A/B) | B19: ROIC = (A/B) | C19: 0.041387689 | D19: 0.069798473 | E19: -2.8 | F19: 0.039602888 | G19: 0.2 | I19: 0.13729565 | J19: 0.12371597 | K19: 0.12408004 | L19: 0.10307828 | M19: 0.074227332 | N19: 0.069798473 | O19: 0.054101658 | P19: 0.035915554 | Q19: 0.039602888 | R19: 0.041387689
